 Dungeon Crawl Stone Soup version 0.24-a0-203-gf0bc1e9 (webtiles) character file.

Game seed: 7929598476137711709

720543 Gorice the Victor of a Thousand Battles (level 27, 0/223 HPs)
             Began as a Gnoll Wanderer on Mar 18, 2019.
             Was the Champion of Okawaru.
             Shot with a bolt by an infernal warmonger (7 damage)
             ... summoned by a shadow demon
             ... in Pandemonium on Mar 26, 2019.
             The game lasted 08:28:39 (71137 turns).

Gorice the Victor of a Thousand Battles (GnWn)     Turns: 71137, Time: 08:28:40

Health: 0/223      AC: 34    Str: 21    XL:     27
Magic:  37/49      EV: 30    Int: 13    God:    Okawaru [******]
Gold:   4341       SH: 23    Dex: 18    Spells: 10/62 levels left

rFire    + + .     SeeInvis +   a - +9 sacred scourge (holy)
rCold    + . .     Gourm    .   y - +5 shield of Happy Babbling {rElec MP+9 Int-3 SInv}
rNeg     + + .     Faith    .   h - +5 plate armour of the Iron City of Dis {Regen+}
rPois    +         Spirit   .   Y - -2 hat of the Alchemist {rElec rPois rF+ rC+ rN+ MR+ rMut rCorr}
rElec    +         Reflect  .   O - +1 cloak {+Inv}
rCorr    +         Harm     .   s - +1 pair of gloves of Minor Irritation {rN+ Regen+ Int+2}
rMut     +                      p - +2 pair of boots {run}
MR       +++..                  J - amulet of Caqoqeu {+Rage rF+ Slay+2}
Stlth    ++++......             w - ring of Buonwof {Wiz Slay+2}
HPRegen  1.27/turn              U - ring of Phasing {EV+8}
MPRegen  0.31/turn

@: about to teleport, heroism, finesse, sap magic, very slightly contaminated,
quick
A: distributed training, fangs 1, [dopey 2], low mp 1, [screaming 2], [no potion
heal 2], strong nose
}: 6/15 runes: decaying, slimy, silver, demonic, dark, gossamer
a: Heroism, Finesse, Renounce Religion, Evoke Berserk Rage, Evoke Invisibility


You were in Pandemonium.
You worshipped Okawaru.
Okawaru was exalted by your worship.
You were not hungry.

You visited 11 branches of the dungeon, and saw 53 of its levels.
You visited Pandemonium 3 times, and saw 9 of its levels.
You visited the Abyss 4 times.
You visited 1 bazaar.
You also visited: Ice Cave.

You collected 9735 gold pieces.
You spent 5394 gold pieces at shops.

Inventory:

Hand Weapons
 a - a +9 sacred scourge of holy wrath (weapon)
   (You took it off an angel in Pandemonium)
 b - the +5 broad axe of Hyvosimp {drain, rElec rPois Str-2}
   (You took it off an orc on level 10 of the Dungeon)

   A truly terrible weapon, it drains the life of those it strikes.
   It affects your strength (-2).
   It insulates you from electricity.
   It protects you from poison.
 c - the +10 demon whip of Cowardice {flame, +Blink}
   (Okawaru gifted it to you on level 1 of the Spider Nest)

   It has been specially enchanted to burn those struck by it, causing extra
   injury to most foes and up to half again as much damage against particularly
   susceptible opponents.
   It lets you blink.
 B - a +7 blowgun
Missiles
 C - 31 needles of sleeping
 H - 3 needles of paralysis
 K - 10 steel javelins (quivered)
 Z - 6 throwing nets {!f}
Armour
 h - the +5 plate armour of the Iron City of Dis (worn) {Regen+}
   (Okawaru gifted it to you on level 1 of the Crypt)

   It increases your rate of regeneration.
 p - a +2 pair of boots of running (worn)
   (You bought it in a shop on level 2 of the Orcish Mines)
 s - the +1 pair of gloves of Minor Irritation (worn) {rN+ Regen+ Int+2}
   (Okawaru gifted it to you on level 4 of the Vaults)

   It affects your intelligence (+2).
   It protects you from negative energy.
   It increases your rate of regeneration.
 y - the +5 shield of Happy Babbling (worn) {rElec MP+9 Int-3 SInv}
   (You bought it in a shop on level 2 of the Orcish Mines)

   It affects your intelligence (-3).
   It insulates you from electricity.
   It affects your magic capacity (+9).
   It lets you see invisible.
 O - a +1 cloak of invisibility (worn)
   (Okawaru gifted it to you on level 2 of the Vaults)
 Y - the -2 hat of the Alchemist (worn) {rElec rPois rF+ rC+ rN+ MR+ rMut rCorr}
   (You found it on level 3 of the Elven Halls)

   It protects you from fire.
   It protects you from cold.
   It insulates you from electricity.
   It protects you from poison.
   It protects you from negative energy.
   It affects your resistance to hostile enchantments.
   It provides partial protection from all sources of acid and corrosion.
   It protects you from mutation.
Jewellery
 f - the ring "Xukuskubre" {rF+ rN+}
   (You found it on level 3 of the Crypt)

   [ring of positive energy]

   It protects you from fire.
   It protects you from negative energy.
 g - an uncursed amulet of faith {!P}
 v - the ring of Midwinter {rC+ EV+1 Int+3 Dex+4}
   (You found it on level 3 of the Elven Halls)

   [ring of evasion]

   It affects your evasion (+1).
   It affects your intelligence (+3).
   It affects your dexterity (+4).
   It protects you from cold.
 w - the ring of Buonwof (left hand) {Wiz Slay+2}
   (You found it on level 9 of the Dungeon)

   [ring of wizardry]

   It improves your spell success rate.
   It affects your accuracy and damage with ranged weapons and melee attacks
   (+2).
 F - the ring of Free Expression {+Fly rC+ MR+ Dex-5}
   (You found it on level 3 of the Depths)

   [ring of flight]

   It affects your dexterity (-5).
   It protects you from cold.
   It affects your resistance to hostile enchantments.
   It lets you fly.
 J - the amulet of Caqoqeu (around neck) {+Rage rF+ Slay+2}
   (You found it on level 3 of the Spider Nest)

   [amulet of rage]

   It affects your accuracy and damage with ranged weapons and melee attacks
   (+2).
   It protects you from fire.
   It lets you go berserk.
 U - the ring of Phasing (right hand) {EV+8}
   (You found it on level 5 of the Pits of Slime)

   [ring of evasion]

   It affects your evasion (+8).
Wands
 z - a wand of paralysis (41)
 P - a wand of clouds (16)
 Q - a wand of digging (28)
 V - a wand of acid (33)
 W - a wand of scattershot (3)
Scrolls
 e - 11 scrolls of fog
 q - 24 scrolls of remove curse
 u - a scroll of brand weapon
 A - 19 scrolls of identify
 D - 5 scrolls of blinking
 R - 10 scrolls of magic mapping {!r}
 S - 2 scrolls of summoning {!r}
 T - 9 scrolls of teleportation {!r}
 X - 4 scrolls of fear {!r}
Potions
 d - 9 potions of mutation {!q}
 i - 9 potions of might {!q}
 j - a potion of ambrosia
 k - 13 potions of heal wounds {!q}
 l - 5 potions of resistance {!q}
 o - 23 potions of curing
 r - 14 potions of agility {!q}
 t - 2 potions of magic {!q}
 G - 6 potions of haste {!q}
 I - 5 potions of cancellation {!q}
Miscellaneous
 m - 3 boxes of beasts
 n - 2 phantom mirrors
 x - 4 sacks of spiders
Comestibles
 E - a chunk of flesh
 L - 113 rations


   Skills:
 + Level 19.7(24.7) Fighting
 + Level 18.4(23.4) Short Blades
 + Level 18.4(23.4) Long Blades
 + Level 18.6(23.6) Axes
 + Level 18.4(23.4) Maces & Flails
 + Level 18.4(23.4) Polearms
 + Level 18.4(23.4) Staves
 + Level 18.4(23.4) Slings
 + Level 18.4(23.4) Bows
 + Level 18.4(23.4) Crossbows
 + Level 18.6(23.6) Throwing
 + Level 19.2(24.2) Armour
 + Level 18.4(23.4) Dodging
 + Level 18.4(23.4) Stealth
 + Level 18.4(23.4) Shields
 + Level 18.4(23.4) Unarmed Combat
 + Level 18.4 Spellcasting
 + Level 15.9 Conjurations
 + Level 15.9 Hexes
 + Level 15.9 Charms
 + Level 15.9 Summonings
 + Level 15.9 Necromancy
 + Level 15.9 Translocations
 + Level 15.9 Transmutations
 + Level 15.9 Fire Magic
 + Level 15.9 Ice Magic
 + Level 15.9 Air Magic
 + Level 15.9 Earth Magic
 + Level 15.9 Poison Magic
 + Level 19.8 Invocations
 + Level 18.6 Evocations


You had 10 spell levels left.
You knew the following spells:

 Your Spells              Type           Power        Failure   Level  Hunger
a - Airstrike             Air            ######....   1%          4    #......
c - Conjure Flame         Conj/Fire      ######..     1%          3    None
d - Sticky Flame          Conj/Fire      ######..     1%          4    #......
e - Swiftness             Chrm/Air       ######..     1%          2    None
g - Stone Arrow           Conj/Erth      ######       1%          3    None
h - Freezing Cloud        Conj/Ice/Air   ######....   2%          6    ######.
l - Lee's Rapid Deconstr  Erth           ######....   1%          5    ####...
p - Portal Projectile     Hex/Tloc       ######       1%          3    None
v - Vampiric Draining     Necr           ######....   1%          3    None
w - Spectral Weapon       Hex/Chrm       ######..     1%          3    None
A - Apportation           Tloc           ######       1%          1    None
B - Summon Butterflies    Summ           ######..     1%          1    None
J - Blink                 Tloc           N/A          1%          2    None
R - Regeneration          Chrm/Necr      ######....   1%          3    None
S - Summon Lightning Spi  Summ/Air       ######..     1%          4    #......
V - Summon Mana Viper     Hex/Summ       ######..     1%          5    ####...

Your spell library contained the following spells:

 Spells                   Type           Power        Failure   Level  Hunger
 Animate Skeleton         Necr           N/A          1%          1    None
 Beastly Appendage        Tmut           ######       1%          1    None
 Confusing Touch          Hex            ######       1%          1    None
 Corona                   Hex            ######.      1%          1    None
 Flame Tongue             Conj/Fire      #####        1%          1    None
 Freeze                   Ice            ####         1%          1    None
 Infusion                 Chrm           ####         1%          1    None
 Magic Dart               Conj           ####         1%          1    None
 Pain                     Necr           ####         1%          1    None
 Sandblast                Erth           ######       1%          1    None
 Shock                    Conj/Air       ####         1%          1    None
 Sting                    Conj/Pois      ####         1%          1    None
 Summon Small Mammal      Summ           ####         1%          1    None
 Call Imp                 Summ           ######..     1%          2    None
 Corpse Rot               Necr           N/A          1%          2    None
 Ensorcelled Hibernation  Hex/Ice        ######       1%          2    None
 Passwall                 Tmut/Erth      ######..     1%          2    None
 Poisonous Vapours        Pois/Air       ######       1%          2    None
 Shroud of Golubria       Chrm/Tloc      ######....   1%          2    None
 Slow                     Hex            ######..     1%          2    None
 Song of Slaying          Chrm           ######..     1%          2    None
 Sticks to Snakes         Tmut           ######..     1%          2    None
 Sublimation of Blood     Necr           ######....   1%          2    None
 Throw Flame              Conj/Fire      ######       1%          2    None
 Throw Frost              Conj/Ice       ######       1%          2    None
 Call Canine Familiar     Summ           ######..     1%          3    None
 Confuse                  Hex            ######..     1%          3    None
 Dazzling Spray           Conj/Hex       ######       1%          3    None
 Gell's Gravitas          Tloc           ######....   1%          3    None
 Inner Flame              Hex/Fire       ######..     1%          3    None
 Lesser Beckoning         Tloc           ######....   1%          3    None
 Mephitic Cloud           Conj/Pois/Air  ######..     1%          3    None
 Ozocubu's Armour         Chrm/Ice       ######..     1%          3    None
 Recall                   Summ/Tloc      N/A          1%          3    None
 Spider Form              Tmut/Pois      ######....   1%          3    None
 Static Discharge         Conj/Air       ######..     1%          3    None
 Summon Guardian Golem    Hex/Summ       ######..     1%          3    None
 Teleport Other           Tloc           ######..     1%          3    None
 Tukima's Dance           Hex            ######..     1%          3    None
 Animate Dead             Necr           N/A          1%          4    #......
 Force Lance              Conj/Tloc      ######..     1%          4    #......
 Ice Form                 Ice/Tmut       ######..     1%          4    #......
 Leda's Liquefaction      Hex/Erth       ######....   1%          4    #......
 Olgreb's Toxic Radiance  Pois           ######..     1%          4    #......
 Passage of Golubria      Tloc           N/A          1%          4    #......
 Petrify                  Tmut/Erth      ######..     1%          4    #......
 Summon Ice Beast         Ice/Summ       ######..     1%          4    #......
 Throw Icicle             Conj/Ice       ######..     1%          4    #......
 Agony                    Necr           ######..     1%          5    ####...
 Alistair's Intoxication  Tmut/Pois      ######..     1%          5    ####...
 Blade Hands              Tmut           ######....   1%          5    ####...
 Bolt of Draining         Conj/Necr      ######....   1%          5    ####...
 Bolt of Magma            Conj/Fire/Erth ######....   1%          5    ####...
 Borgnjor's Vile Clutch   Necr/Erth      ######....   1%          5    ####...
 Dispel Undead            Necr           ######..     1%          5    ####...
 Excruciating Wounds      Chrm/Necr      ######....   1%          5    ####...
 Fireball                 Conj/Fire      ######....   1%          5    ####...
 Irradiate                Conj/Tmut      ######....   1%          5    ####...
 Lightning Bolt           Conj/Air       ######....   1%          5    ####...
 Metabolic Englaciation   Hex/Ice        ######....   1%          5    ####...
 Venom Bolt               Conj/Pois      ######....   1%          5    ####...
 Yara's Violent Unravell  Hex/Tmut       ######....   1%          5    ####...
 Bolt of Cold             Conj/Ice       ######....   2%          6    ######.
 Bolt of Fire             Conj/Fire      ######....   2%          6    ######.
 Death Channel            Necr           ######....   2%          6    ######.
 Dispersal                Tloc           ######....   2%          6    ######.
 Invisibility             Hex            ######..     2%          6    ######.
 Iron Shot                Conj/Erth      ######....   2%          6    ######.
 Simulacrum               Ice/Necr       ######....   2%          6    ######.
 Statue Form              Tmut/Erth      ######...    2%          6    ######.
 Malign Gateway           Summ/Tloc      ######....   12%         7    #######
 Monstrous Menagerie      Summ           ######....   12%         7    #######
 Orb of Destruction       Conj           ######....   12%         7    #######
 Ring of Flames           Chrm/Fire      ######....   12%         7    #######
 Summon Greater Demon     Summ           ######....   12%         7    #######
 Summon Hydra             Summ           ######....   12%         7    #######
 Controlled Blink         Tloc           N/A          63%         8    #######
 Disjunction              Tloc           ######....   63%         8    #######
 Ignition                 Fire           ######....   63%         8    #######
 Summon Horrible Things   Summ           ######....   63%         8    #######
 Shatter                  Erth           ######....   100%        9    #######
 Tornado                  Air            ######....   100%        9    #######


Dungeon Overview and Level Annotations

Branches:
Dungeon (15/15)            Temple (1/1) D:4            Lair (6/6) D:10
  Swamp (4/4) Lair:4       Spider (4/4) Lair:4        Slime (5/5) Lair:6
    Orc (2/2) D:10            Elf (3/3) Orc:2        Vaults (5/5) D:14
  Crypt (3/3) Vaults:2       Tomb (0/3) Crypt:3      Depths (5/5) D:15
    Zot (0/5) Depths:5

Altars:
Ashenzari
Cheibriados
Dithmenos
Elyvilon
Fedhas
Gozag
Hepliaklqana
Kikubaaqudgha
Makhleb
Nemelex Xobeh
Okawaru
Qazlal
Ru
Sif Muna
Trog
Uskayaw
Vehumet
Wu Jian
Xom
Yredelemnul
Zin
The Shining One
Beogh
Jiyva

Shops:
D:7 }   D:13 %   Orc:2 *%%[   Elf:3 }   Vaults:3 *:}*   Vaults:4 [
Depths:1 }=}

Portals:
Hell: Depths:1 Depths:2 Depths:3 Depths:4 Depths:5
Abyss: Depths:1 Depths:2 Depths:3 Depths:4 Depths:5
Pandemonium: Depths:1 Depths:2 Depths:3
Ziggurat: Depths:4

Annotations:
Vaults:3 pUX: passthru


Innate Abilities, Weirdness & Mutations

Your experience applies equally to all skills.
You have very sharp teeth.
Your uncanny sense of smell can sniff out nearby items.
Your magical capacity is low. (-10% MP)
[You are very dopey. (Int -4)]
[You sometimes yell uncontrollably at your foes.]
[Potions are poor at restoring your health.]


Message History

You block the torturous warmonger's attack.
The monstrous warmonger hits you!!
* * * LOW HITPOINT WARNING * * *
You block the monstrous warmonger's attack. x2
* * * LOW HITPOINT WARNING * * *
The grasping roots constrict you!
The cacodemon is engulfed in blazing flames.
The cacodemon gestures at you. You resist with almost no effort.
The reaper hits you from afar with a +2 scythe of protection!!
* * * LOW HITPOINT WARNING * * *
The monstrous warmonger barely misses you.
The monstrous warmonger claws you.
* * * LOW HITPOINT WARNING * * *
The monstrous warmonger closely misses you.
The infernal warmonger misses you.
The torturous warmonger completely misses you.
The cacodemon completely misses you. The cacodemon barely misses you.
Damage: 56 (max 56) Unknown command.
Unknown command.
Unknown command.
Unknown command.
Blink to where?
Press: ? - help, Dir - move target cursor You escape the roots' grasp.
You are very lightly contaminated with residual magic.
As you read the scroll of blinking, it crumbles to dust.
The gelid corrupter calls forth creatures from the Swamp!
Really quaff
k - 14 potions of heal wounds {!q}?
Your system partially rejects the healing.
You feel much better.
The shambling mangrove disappears in a puff of smoke!
The thorn hunter gestures.
Thorny briars emerge from the ground!
Unknown command.
Really read
T - 10 scrolls of teleportation {!r}?
As you read the scroll of teleportation {!r}, it crumbles to dust.
You feel strangely unstable. You block the gelid corrupter's attack.
The shadow demon gestures.
The infernal warmonger unwields a +4 demon blade of pain.
The infernal warmonger wields a +2 arbalest of velocity.
The infernal warmonger shoots a bolt.
The bolt completely misses you.
The bolt dissolves into shadows!
You hear a grinding noise.
The gelid corrupter prays to Lugonu.
You feel stupid. x2
The infernal warmonger shoots a bolt.
The bolt hits you!!
* * * LOW HITPOINT WARNING * * *
You die...

....)..# #.................#566#
.......###...........#####4..##..
....................# #..## ..
........(...PPPPPP.#. ##.# ..
.(.....#....^PPPPP#... #.# ##
#.....###...PP....## #.#
#########...PP.....# #.#
#..........##P.....# #.#
#..........##P..@..# #..#..
...........##P#....## #.#.#'.
.............###.3.D####.# ..#
..............##...6f6#..##2.##
................#...2..46#....###
..............##.###66.22.......#
............### # #6322.........
....#####...# #..34(........ ..#.
##.## ##..ยง..(.......


You could see a cacodemon, a thorn hunter, 4 demonspawn, 2 reapers, a gelid
corrupter, a swamp dragon, 3 sun demons, a shadow demon, an orange demon and a
chaos spawn.

Vanquished Creatures
  the Royal Jelly (Slime:5)
  Gloorx Vloq (Pan)
  An ancient lich (Vaults:4)
  3 pandemonium lords (Pan)
  Mara (Spider:4)
  2 juggernauts
  Sojobo (Crypt:3)
  Bai Suzhen (Spider:3)
  Saint Roka (Depths:2)
  7 caustic shrikes
  A curse toe (Crypt:3)
  A golden dragon (Vaults:4)
  Jory (Depths:5)
  3 bone dragons
  A Brimstone Fiend (Pan)
  7 liches
  Rupert (D:15)
  3 Ice Fiends (Pan)
  2 Hell Sentinels (Pan)
  9 titans
  9 tentacled monstrosities
  2 deep elf blademasters (Elf:3)
  2 deep elf master archers (Elf:3)
  3 quicksilver dragons
  18 acid blobs
  An acid blob (shapeshifter) (Depths:2)
  7 sphinxes
  7 ancient champions
  19 Executioners (Pan)
  4 tentacled starspawn
  Agnes (Spider:2)
  4 shadow dragons
  4 warmongers (Pan)
  12 tengu reavers
  A storm dragon (shapeshifter) (Vaults:4)
  Kirke (D:12)
  3 revenants
  5 storm dragons
  Donald (Vaults:4)
  7 deep elf sorcerers
  A daeva (Abyss:1)
  13 azure jellies
  9 frost giants
  4 fire giants
  5 iron dragons
  Aizul (Spider:2)
  Louise (Depths:4)
  A ghost moth (shapeshifter) (Depths:2)
  5 balrugs
  17 vault wardens
  A draconian scorcher (Depths:5)
  2 orc warlords
  7 ghost moths
  5 emperor scorpions (Spider:4)
  5 cacodemons
  5 deep elf elementalists
  An angel (Pan)
  3 curse skulls
  2 spriggan defenders
  12 stone giants
  6 war gargoyles
  6 reapers (Pan)
  4 vampire knights
  14 ironheart preservers
  14 very ugly things
  13 ghouls
  5 corrupters (Pan)
  7 blood saints (Pan)
  A black sun (Pan)
  9 deep elf demonologists
  6 lorocyprocas
  A white draconian (Depths:5)
  Azrael (Spider:2)
  A spark wasp (shapeshifter) (Vaults:5)
  17 spark wasps
  12 deep elf annihilators
  4 red draconians
  A green death (Pan)
  3 blizzard demons (Pan)
  10 deep elf death magi
  3 eidola
  3 crystal guardians
  11 ettins
  A merfolk javelineer (Depths:2)
  22 yaktaur captains
  3 death oozes (Slime:5)
  9 jiangshi
  5 deep elf high priests
  7 great orbs of eyes
  2 monstrous demonspawn (Pan)
  3 mummy priests (Crypt:3)
  Erolcha (D:11)
  2 quicksilver dragon skeletons
  6 rakshasas
  A ghost crab (Swamp:3)
  2 juggernaut simulacra (Depths:2)
  8 fire dragons
  37 vault guards
  3 shambling mangroves
  A hydra (shapeshifter) (Depths:2)
  5 spriggan air magi
  15 ice dragons
  A catoblepas (shapeshifter) (Vaults:5)
  2 catoblepae
  16 hydras
  9 centaur warriors
  7 death knights
  A hell beast (Pan)
  45 two-headed ogres
  Erica (D:11)
  10 alligators
  5 vampire magi
  27 dancing weapons
  10 deep troll shamans
  A hell hog (Abyss:1)
  16 death yaks
  10 deep troll earth magi
  12 ogre magi
  4 spriggan berserkers
  A shock serpent (shapeshifter) (D:15)
  A thrashing horror (Abyss:3)
  2 tengu warriors
  24 sun demons
  Urug (D:10)
  11 soul eaters (Pan)
  3 wretched stars
  24 deep elf knights
  An iron troll (Depths:4)
  3 titan skeletons
  A spatial maelstrom (Abyss:2)
  10 shadow wraiths
  10 sixfirhies
  6 hell knights
  13 skeletal warriors
  6 glowing orange brains
  4 gelid demonspawn (Pan)
  An unseen horror (shapeshifter) (Elf:3)
  2 shadow demons
  An infernal demonspawn (Pan)
  6 torturous demonspawn (Pan)
  4 unseen horrors
  A swamp dragon (shapeshifter) (Vaults:5)
  A swamp dragon (Swamp:1)
  10 flayed ghosts
  25 deep trolls
  Pikel (D:4)
  A lindwurm (shapeshifter) (Vaults:3)
  An anaconda skeleton (Crypt:1)
  A golden dragon skeleton (Crypt:3)
  6 wizards
  13 deep elf archers
  7 phantasmal warriors
  18 ironbrand convokers
  A harpy (Vaults:5)
  49 ugly things
  16 orc knights
  9 orb spiders
  2 shining eyes
  12 necromancers
  A stone giant zombie (Crypt:2)
  63 deep elf magi
  27 wolf spiders
  A lindwurm (Lair:6)
  7 cyclopes
  3 manticores
  A shadow dragon skeleton (Pan)
  A fire giant zombie (Vaults:5)
  A salamander (shapeshifter) (Depths:2)
  19 vault sentinels
  An orc sorcerer (Vaults:2)
  A stone giant skeleton (Pan)
  16 elephants (Lair:6)
  A rust devil (Depths:3)
  Joseph (D:7)
  5 orange demons (Pan)
  An elephant (shapeshifter) (Vaults:5)
  A fire giant skeleton (Crypt:3)
  3 molten gargoyles
  Maurice (D:13)
  A moth of wrath (Spider:1)
  9 black mambas
  A frost giant skeleton (Crypt:1)
  An iron dragon skeleton (Pan)
  2 ice statues (IceCv)
  3 apocalypse crabs
  A naga mage (Depths:2)
  2 gargoyles
  A guardian serpent (D:15)
  4 human zombies (Vaults:1)
  17 smoke demons
  An eye of devastation (Slime:5)
  2 torpor snails
  A spiny frog (shapeshifter) (Vaults:2)
  17 spiny frogs
  2 swamp worm zombies
  An efreet (D:15)
  9 hellions
  2 rime drakes
  A yaktaur zombie (Vaults:2)
  2 kobold demonologists
  48 yaktaurs
  A grey draconian skeleton (Crypt:2)
  4 ice devils
  A redback zombie (Crypt:1)
  A catoblepas zombie (Crypt:1)
  A green draconian skeleton (Crypt:1)
  2 pale draconian zombies
  10 komodo dragons
  An anaconda simulacrum (Crypt:3)
  14 demonic crawlers
  An alligator snapping turtle skeleton (Crypt:2)
  4 ancient zymes
  13 tormentors
  A yellow draconian skeleton (Crypt:2)
  9 freezing wraiths
  15 hellwings
  8 red devils
  A tengu conjurer (Depths:4)
  A queen bee (D:8)
  A merfolk (shapeshifter) (Vaults:3)
  13 guardian mummies (Crypt:3)
  A purple draconian skeleton (Crypt:2)
  2 human skeletons
  A queen bee (shapeshifter) (D:15)
  A red draconian zombie (Crypt:1)
  21 trolls
  4 meliai (shapeshifter)
  A catoblepas skeleton (Crypt:2)
  A harpy zombie (D:14)
  A jumping spider (shapeshifter) (Vaults:1)
  A wind drake (shapeshifter) (Elf:3)
  23 jumping spiders
  13 polar bears (IceCv)
  A shadow dragon simulacrum (Vaults:5)
  14 tyrant leeches
  Prince Ribbit (D:7)
  20 raiju
  A tengu simulacrum (Vaults:3)
  12 bog bodies
  Grinder (D:3)
  A hippogriff (shapeshifter) (Depths:2)
  26 hornets
  6 blink frogs
  2 blink frogs (shapeshifter)
  A harpy skeleton (Pan)
  89 slime creatures
  2 ettin zombies (Crypt:3)
  2 frost giant simulacra
  35 large abominations
  11 hippogriffs
  A fire dragon skeleton (Crypt:3)
  25 starcursed masses
  Sigmund (D:3)
  A centaur simulacrum (D:13)
  56 redbacks
  A water elemental (Elf:1)
  5 air elementals
  4 shadows
  8 wyverns
  A vampire (Abyss:3)
  8 spriggans
  A tarantella (shapeshifter) (Depths:1)
  62 yaks
  16 ynoxinuls
  An ettin skeleton (Vaults:5)
  An ushabti (Crypt:3)
  2 hogs (shapeshifter)
  9 wraiths
  5 basilisks
  21 tarantellas
  7 fire bats
  6 golden eyes (Slime:5)
  20 humans (D:14)
  15 small abominations
  Menkaure (D:5)
  2 steam dragons (Lair:6)
  4 hogs (D:12)
  18 vampire mosquitoes
  3 hungry ghosts
  6 swamp worm simulacra (Swamp:4)
  6 neqoxecs
  7 fire elementals
  16 chaos spawn
  18 swamp worms
  7 wargs
  7 insubstantial wisps
  A swamp worm (shapeshifter) (Vaults:3)
  6 water moccasins
  3 acid dragons
  16 hell hounds
  A naga (shapeshifter) (Depths:2)
  A soldier ant (D:12)
  7 swamp drakes
  14 hydra simulacra
  2 elf zombies
  A floating eye (shapeshifter) (D:15)
  8 porcupines
  A deep troll skeleton (Crypt:2)
  40 orc warriors
  2 sky beasts
  2 slaves (D:4)
  3 eyes of draining (Slime:5)
  A torturous demonspawn skeleton (Crypt:3)
  A manticore zombie (Crypt:1)
  5 necrophages
  4 ice beasts
  2 phantoms
  46 ogres
  An eye of draining (shapeshifter) (Vaults:1)
  19 wolves
  3 boggarts (D:15)
  10 centaurs
  A hog zombie (Crypt:2)
  A snapping turtle skeleton (Pan)
  14 crocodiles
  Blork the orc (D:6)
  8 big kobolds
  A komodo dragon zombie (Crypt:3)
  A hippogriff zombie (Crypt:3)
  15 bullfrogs
  A salamander skeleton (Crypt:1)
  A deep troll simulacrum (Vaults:2)
  2 earth elementals
  A water moccasin zombie (D:9)
  A wyvern zombie (D:6)
  A wyvern skeleton (D:14)
  A water moccasin skeleton (D:12)
  5 scorpions
  16 killer bees
  3 wights (D:11)
  5 howler monkeys
  An electric eel (Lair:2)
  5 lava snakes (Lair:6)
  3 bullfrog zombies
  3 centaur zombies
  12 crimson imps
  4 hounds
  3 quasits
  21 orc priests
  7 jellies
  Crazy Yiuf (D:2)
  6 bullfrog skeletons
  5 iguanas
  6 centaur skeletons
  Ijyb (D:5)
  Natasha (thrice) (D:3)
  20 orc wizards
  7 worker ants
  A dwarf skeleton (Crypt:1)
  2 naga skeletons (Crypt:3)
  2 tengu skeletons
  2 hound skeletons
  A howler monkey zombie (D:6)
  2 worker ant zombies
  Robin (D:2)
  10 gnolls
  8 adders
  4 shadow imps
  4 white imps
  3 ufetubi
  8 oozes
  2 swamp drake simulacra (Swamp:4)
  2 adder skeletons (D:6)
  2 worms
  4 leopard geckos
  99 orcs
  4 giant cockroaches
  16 goblins
  11 hobgoblins
  8 jackals
  4 quokkas
  A ball python (D:1)
  A bat (shapeshifter) (Elf:3)
  7 bats
  8 frilled lizards
  A frilled lizard skeleton (Crypt:2)
  A giant cockroach zombie (D:6)
  A jackal zombie (D:6)
  48 kobolds
  10 kobold skeletons (D:11)
  8 kobold zombies (D:11)
  A leopard gecko skeleton (D:4)
  A quokka zombie (Crypt:3)
  5 rats
  2 butterflies (D:2)
  4 starspawn tentacles
2768 creatures vanquished.

Vanquished Creatures (collateral kills)
  An acid blob (Slime:5)
  2 shining eyes (Slime:3)
3 creatures vanquished.

Vanquished Creatures (others)
  An ancient lich (Vaults:4)
  An eldritch tentacle (Pan)
  An azure jelly (Swamp:4)
  An emperor scorpion (Spider:4)
  2 blood saints (Pan)
  An alligator (Swamp:3)
  A dancing weapon (Elf:3)
  A deep elf mage (Elf:2)
  A tormentor (Pan)
  An ice devil (Pan)
  A hornet (Swamp:2)
  2 orc warriors
  A swamp drake (Swamp:3)
  An ogre (Vaults:5)
  A necrophage (Crypt:3)
  A small abomination (Abyss:3)
  A quasit (Abyss:3)
  A jelly (Abyss:2)
  A quokka skeleton (D:4)
  A briar patch (Pan)
  A bush (D:10)
  12 fungi
  2 lurking horrors (Abyss:3)
  17 plants
  55 spectral weapons
  7 starspawn tentacles
116 creatures vanquished.

Grand Total: 2887 creatures vanquished

Notes
Turn   | Place    | Note
-------+----------+-------------------------------------------
     0 | D:1      | Gorice the Gnoll Wanderer began the quest for the Orb.
     0 | D:1      | Gorice set off with the following items: a +2 hand axe, a
                  | potion of lignification {!q}, 10 poisoned needles, a +0
                  | blowgun, a +0 robe, a ration
     0 | D:1      | Reached XP level 1. HP: 26/26 MP: 2/2
    94 | D:1      | Reached XP level 2. HP: 32/33 MP: 3/3
   287 | D:1      | Reached XP level 3. HP: 35/38 MP: 4/4
   696 | D:2      | Found an ornate altar of the Wu Jian Council.
   744 | D:2      | Found a runed translucent door.
   745 | D:2      | Noticed Crazy Yiuf
   768 | D:2      | Reached skill level 1 in Invocations
   929 | D:2      | Found a stormy altar of Qazlal.
   983 | D:2      | Reached skill level 1 in Short Blades
   983 | D:2      | Reached skill level 1 in Long Blades
   983 | D:2      | Reached skill level 1 in Maces & Flails
   983 | D:2      | Reached skill level 1 in Polearms
   983 | D:2      | Reached skill level 1 in Staves
   983 | D:2      | Reached skill level 1 in Slings
   983 | D:2      | Reached skill level 1 in Bows
   983 | D:2      | Reached skill level 1 in Crossbows
   983 | D:2      | Reached skill level 1 in Dodging
   983 | D:2      | Reached skill level 1 in Stealth
   983 | D:2      | Reached skill level 1 in Shields
   983 | D:2      | Reached skill level 1 in Unarmed Combat
   983 | D:2      | Reached skill level 1 in Spellcasting
   983 | D:2      | Reached XP level 4. HP: 43/45 MP: 4/6
  1074 | D:2      | Found a shimmering altar of Xom.
  1185 | D:2      | Killed Crazy Yiuf
  1185 | D:2      | Reached skill level 1 in Conjurations
  1185 | D:2      | Reached skill level 1 in Hexes
  1185 | D:2      | Reached skill level 1 in Charms
  1185 | D:2      | Reached skill level 1 in Summonings
  1185 | D:2      | Reached skill level 1 in Necromancy
  1185 | D:2      | Reached skill level 1 in Translocations
  1185 | D:2      | Reached skill level 1 in Transmutations
  1185 | D:2      | Reached skill level 1 in Fire Magic
  1185 | D:2      | Reached skill level 1 in Ice Magic
  1185 | D:2      | Reached skill level 1 in Air Magic
  1185 | D:2      | Reached skill level 1 in Earth Magic
  1185 | D:2      | Reached skill level 1 in Poison Magic
  1249 | D:3      | Noticed Grinder
  1358 | D:3      | Noticed Natasha
  1376 | D:3      | Killed Natasha
  1376 | D:3      | Reached XP level 5. HP: 48/51 MP: 7/7
  1395 | D:3      | Noticed Robin
  1415 | D:3      | HP: 15/51 [poisoned by an adder]
  1420 | D:3      | HP: 9/51 [poisoned by an adder]
  1428 | D:2      | HP: 8/51 [poisoned by an adder]
  1754 | D:2      | Killed Robin
  1754 | D:2      | Reached skill level 3 in Axes
  1754 | D:2      | Reached skill level 3 in Throwing
  1754 | D:2      | Reached skill level 3 in Evocations
  1844 | D:3      | Noticed Sigmund
  1878 | D:3      | Noticed Natasha
  2017 | D:3      | Found a sparkling altar of Nemelex Xobeh.
  2117 | D:3      | Reached XP level 6. HP: 27/57 MP: 8/8
  2175 | D:3      | HP: 14/57 [Grinder (6)]
  2176 | D:3      | Killed Grinder
  2176 | D:3      | Reached skill level 2 in Short Blades
  2176 | D:3      | Reached skill level 2 in Long Blades
  2176 | D:3      | Reached skill level 2 in Maces & Flails
  2176 | D:3      | Reached skill level 2 in Polearms
  2176 | D:3      | Reached skill level 2 in Staves
  2176 | D:3      | Reached skill level 2 in Slings
  2176 | D:3      | Reached skill level 2 in Bows
  2176 | D:3      | Reached skill level 2 in Crossbows
  2176 | D:3      | Reached skill level 2 in Dodging
  2176 | D:3      | Reached skill level 2 in Stealth
  2176 | D:3      | Reached skill level 2 in Shields
  2176 | D:3      | Reached skill level 2 in Unarmed Combat
  2176 | D:3      | Reached skill level 2 in Spellcasting
  2176 | D:3      | Reached skill level 2 in Invocations
  2432 | D:3      | Killed Natasha
  2432 | D:3      | Reached XP level 7. HP: 24/63 MP: 10/10
  2632 | D:3      | Killed Sigmund
  2632 | D:3      | Reached skill level 7 in Armour
  2632 | D:3      | Reached skill level 2 in Conjurations
  2632 | D:3      | Reached skill level 2 in Hexes
  2632 | D:3      | Reached skill level 2 in Charms
  2632 | D:3      | Reached skill level 2 in Summonings
  2632 | D:3      | Reached skill level 2 in Necromancy
  2632 | D:3      | Reached skill level 2 in Translocations
  2632 | D:3      | Reached skill level 2 in Transmutations
  2632 | D:3      | Reached skill level 2 in Fire Magic
  2632 | D:3      | Reached skill level 2 in Ice Magic
  2632 | D:3      | Reached skill level 2 in Air Magic
  2632 | D:3      | Reached skill level 2 in Earth Magic
  2632 | D:3      | Reached skill level 2 in Poison Magic
  2712 | D:3      | Noticed Natasha
  2721 | D:3      | Killed Natasha
  3103 | D:4      | Noticed Pikel
  3156 | D:4      | Killed Pikel
  3156 | D:4      | Reached skill level 9 in Fighting
  3156 | D:4      | Reached skill level 3 in Short Blades
  3156 | D:4      | Reached skill level 3 in Long Blades
  3156 | D:4      | Reached skill level 4 in Axes
  3156 | D:4      | Reached skill level 3 in Maces & Flails
  3156 | D:4      | Reached skill level 3 in Polearms
  3156 | D:4      | Reached skill level 3 in Staves
  3156 | D:4      | Reached skill level 3 in Slings
  3156 | D:4      | Reached skill level 3 in Bows
  3156 | D:4      | Reached skill level 3 in Crossbows
  3156 | D:4      | Reached skill level 4 in Throwing
  3156 | D:4      | Reached skill level 3 in Dodging
  3156 | D:4      | Reached skill level 3 in Stealth
  3156 | D:4      | Reached skill level 3 in Shields
  3156 | D:4      | Reached skill level 3 in Unarmed Combat
  3156 | D:4      | Reached skill level 3 in Spellcasting
  3156 | D:4      | Reached skill level 3 in Invocations
  3156 | D:4      | Reached skill level 4 in Evocations
  3156 | D:4      | Reached XP level 8. HP: 40/71 MP: 10/12
  3385 | D:4      | Found a staircase to the Ecumenical Temple.
  3467 | Temple   | Entered the Ecumenical Temple
  3576 | Temple   | Upgraded the game from 0.24-a0-194-g9bee6eb to
                  | 0.24-a0-201-gf205589
  3578 | Temple   | Became a worshipper of Warmaster Okawaru
  4015 | D:5      | Entered Level 5 of the Dungeon
  4109 | D:5      | Found the +4 moon troll leather armour {Spirit, Regen++
                  | MP+5}
  4112 | D:5      | --nice!
  4173 | D:5      | Noticed Menkaure
  4189 | D:5      | HP: 20/71 [??? (13)]
  4190 | D:5      | Killed Menkaure
  4371 | D:5      | Noticed Ijyb
  4382 | D:5      | Killed Ijyb
  4382 | D:5      | Reached skill level 4 in Invocations
  4417 | D:5      | Reached * piety under Okawaru
  4417 | D:5      | Reached skill level 3 in Conjurations
  4417 | D:5      | Reached skill level 3 in Hexes
  4417 | D:5      | Reached skill level 3 in Charms
  4417 | D:5      | Reached skill level 3 in Summonings
  4417 | D:5      | Reached skill level 3 in Necromancy
  4417 | D:5      | Reached skill level 3 in Translocations
  4417 | D:5      | Reached skill level 3 in Transmutations
  4417 | D:5      | Reached skill level 3 in Fire Magic
  4417 | D:5      | Reached skill level 3 in Ice Magic
  4417 | D:5      | Reached skill level 3 in Air Magic
  4417 | D:5      | Reached skill level 3 in Earth Magic
  4417 | D:5      | Reached skill level 3 in Poison Magic
  4492 | D:5      | Found a deep blue altar of Sif Muna.
  4600 | D:5      | Learned a level 2 spell: Blink
  4604 | D:5      | Learned a level 3 spell: Conjure Flame
  4787 | D:5      | Reached XP level 9. HP: 76/76 MP: 14/14
  4908 | D:6      | Noticed Blork the orc
  4924 | D:6      | Killed Blork the orc
  5150 | D:6      | You fall through a shaft for 2 floors!
  5151 | D:8      | Noticed a queen bee
  5162 | D:8      | Killed a queen bee
  5162 | D:8      | Reached skill level 4 in Short Blades
  5162 | D:8      | Reached skill level 4 in Long Blades
  5162 | D:8      | Reached skill level 4 in Maces & Flails
  5162 | D:8      | Reached skill level 4 in Polearms
  5162 | D:8      | Reached skill level 4 in Staves
  5162 | D:8      | Reached skill level 4 in Slings
  5162 | D:8      | Reached skill level 4 in Bows
  5162 | D:8      | Reached skill level 4 in Crossbows
  5162 | D:8      | Reached skill level 4 in Dodging
  5162 | D:8      | Reached skill level 4 in Stealth
  5162 | D:8      | Reached skill level 4 in Shields
  5162 | D:8      | Reached skill level 4 in Unarmed Combat
  5162 | D:8      | Reached skill level 4 in Spellcasting
  5185 | D:8      | Reached skill level 5 in Axes
  5185 | D:8      | Reached skill level 5 in Throwing
  5185 | D:8      | Reached skill level 5 in Evocations
  5189 | D:8      | HP: 20/77 [killer bee (6)]
  5194 | D:8      | HP: 19/77 [poisoned by a killer bee]
  5199 | D:8      | HP: 16/77 [poisoned by a killer bee]
  5203 | D:8      | HP: 6/77 [killer bee (2)]
  5208 | D:8      | HP: 6/77 [poisoned by a killer bee]
  5214 | D:8      | HP: 9/77 [poisoned by a killer bee]
  5221 | D:8      | HP: 13/77 [poisoned by a killer bee]
  5228 | D:8      | HP: 18/77 [poisoned by a killer bee]
  5359 | D:8      | Reached ** piety under Okawaru
  5411 | D:8      | Reached skill level 8 in Armour
  5609 | D:7      | Reached skill level 5 in Invocations
  5930 | D:6      | Found a hazy altar of Hepliaklqana.
  6263 | D:7      | Reached XP level 10. HP: 85/85 MP: 17/17
  6294 | D:7      | Found Cafur's Gadget Shoppe.
  6327 | D:7      | Found an ancient bone altar of Kikubaaqudgha.
  6328 | D:7      | Found a glowing silver altar of Zin.
  6332 | D:7      | Found a blossoming altar of Fedhas.
  6343 | D:7      | Reached skill level 4 in Conjurations
  6343 | D:7      | Reached skill level 4 in Hexes
  6343 | D:7      | Reached skill level 4 in Charms
  6343 | D:7      | Reached skill level 4 in Summonings
  6343 | D:7      | Reached skill level 4 in Necromancy
  6343 | D:7      | Reached skill level 4 in Translocations
  6343 | D:7      | Reached skill level 4 in Transmutations
  6343 | D:7      | Reached skill level 4 in Fire Magic
  6343 | D:7      | Reached skill level 4 in Ice Magic
  6343 | D:7      | Reached skill level 4 in Air Magic
  6343 | D:7      | Reached skill level 4 in Earth Magic
  6343 | D:7      | Reached skill level 4 in Poison Magic
  6356 | D:7      | Found a white marble altar of Elyvilon.
  6387 | D:7      | Noticed Prince Ribbit
  6410 | D:7      | Noticed Joseph
  6431 | D:7      | Killed Joseph
  6452 | D:7      | Reached *** piety under Okawaru
  6456 | D:7      | Reached skill level 5 in Short Blades
  6456 | D:7      | Reached skill level 5 in Long Blades
  6456 | D:7      | Reached skill level 5 in Maces & Flails
  6456 | D:7      | Reached skill level 5 in Polearms
  6456 | D:7      | Reached skill level 5 in Staves
  6456 | D:7      | Reached skill level 5 in Slings
  6456 | D:7      | Reached skill level 5 in Bows
  6456 | D:7      | Reached skill level 5 in Crossbows
  6456 | D:7      | Reached skill level 5 in Dodging
  6456 | D:7      | Reached skill level 5 in Stealth
  6456 | D:7      | Reached skill level 5 in Shields
  6456 | D:7      | Reached skill level 5 in Unarmed Combat
  6456 | D:7      | Reached skill level 5 in Spellcasting
  6497 | D:7      | Found an iron altar of Okawaru.
  6578 | D:7      | Killed Prince Ribbit
  6834 | D:7      | Reached skill level 10 in Fighting
  7007 | D:8      | Noticed a red ugly thing
  7020 | D:8      | HP: 24/85 [red ugly thing (10)]
  7032 | D:8      | Killed a red ugly thing
  7142 | D:8      | Learned a level 3 spell: Stone Arrow
  7407 | D:8      | Reached skill level 6 in Axes
  7407 | D:8      | Reached skill level 6 in Throwing
  7407 | D:8      | Reached skill level 6 in Evocations
  7659 | D:8      | Reached **** piety under Okawaru
  7659 | D:8      | Reached skill level 6 in Invocations
  7766 | D:9      | Learned a level 4 spell: Sticky Flame
  8021 | D:9      | Received a gift from Okawaru
  8588 | D:9      | Noticed a two-headed ogre
  8605 | D:9      | Killed a two-headed ogre
  8605 | D:9      | Reached ***** piety under Okawaru
  8605 | D:9      | Reached XP level 11. HP: 68/91 MP: 14/19
  8713 | D:9      | Noticed a tengu reaver
  8718 | D:9      | Noticed a deep elf knight
  8740 | D:9      | Killed a tengu reaver
  8740 | D:9      | Reached skill level 6 in Short Blades
  8740 | D:9      | Reached skill level 6 in Long Blades
  8740 | D:9      | Reached skill level 6 in Maces & Flails
  8740 | D:9      | Reached skill level 6 in Polearms
  8740 | D:9      | Reached skill level 6 in Staves
  8740 | D:9      | Reached skill level 6 in Slings
  8740 | D:9      | Reached skill level 6 in Bows
  8740 | D:9      | Reached skill level 6 in Crossbows
  8740 | D:9      | Reached skill level 9 in Armour
  8740 | D:9      | Reached skill level 6 in Dodging
  8740 | D:9      | Reached skill level 6 in Stealth
  8740 | D:9      | Reached skill level 6 in Shields
  8740 | D:9      | Reached skill level 6 in Unarmed Combat
  8740 | D:9      | Reached skill level 6 in Spellcasting
  8740 | D:9      | Reached skill level 5 in Conjurations
  8740 | D:9      | Reached skill level 5 in Hexes
  8740 | D:9      | Reached skill level 5 in Charms
  8740 | D:9      | Reached skill level 5 in Summonings
  8740 | D:9      | Reached skill level 5 in Necromancy
  8740 | D:9      | Reached skill level 5 in Translocations
  8740 | D:9      | Reached skill level 5 in Transmutations
  8740 | D:9      | Reached skill level 5 in Fire Magic
  8740 | D:9      | Reached skill level 5 in Ice Magic
  8740 | D:9      | Reached skill level 5 in Air Magic
  8740 | D:9      | Reached skill level 5 in Earth Magic
  8740 | D:9      | Reached skill level 5 in Poison Magic
  8751 | D:9      | Killed a deep elf knight
  8793 | D:9      | Got a translucent lapis lazuli ring
  8795 | D:9      | Identified the ring of Buonwof {Wiz Slay+2} (You found it
                  | on level 9 of the Dungeon)
  9151 | D:10     | Entered Level 10 of the Dungeon
  9160 | D:10     | Noticed Urug
  9182 | D:10     | Killed Urug
  9182 | D:10     | Received a gift from Okawaru
  9182 | D:10     | Reached skill level 7 in Invocations
  9277 | D:10     | Reached skill level 7 in Axes
  9277 | D:10     | Reached skill level 7 in Throwing
  9277 | D:10     | Reached skill level 7 in Evocations
  9288 | D:10     | HP: 25/92 [yak (4)]
  9549 | D:10     | Received a gift from Okawaru
  9566 | D:10     | Reached XP level 12. HP: 81/99 MP: 12/22
  9777 | D:10     | Reached skill level 7 in Short Blades
  9777 | D:10     | Reached skill level 7 in Long Blades
  9777 | D:10     | Reached skill level 7 in Maces & Flails
  9777 | D:10     | Reached skill level 7 in Polearms
  9777 | D:10     | Reached skill level 7 in Staves
  9777 | D:10     | Reached skill level 7 in Slings
  9777 | D:10     | Reached skill level 7 in Bows
  9777 | D:10     | Reached skill level 7 in Crossbows
  9777 | D:10     | Reached skill level 7 in Dodging
  9777 | D:10     | Reached skill level 7 in Stealth
  9777 | D:10     | Reached skill level 7 in Shields
  9777 | D:10     | Reached skill level 7 in Unarmed Combat
  9777 | D:10     | Reached skill level 7 in Spellcasting
  9880 | D:10     | Found a staircase to the Lair.
  9918 | D:10     | Found a radiant altar of Vehumet.
  9919 | D:10     | Identified the +5 broad axe of Hyvosimp {drain, rElec rPois
                  | Str-2}
  9968 | Lair:1   | Entered Level 1 of the Lair of Beasts
 10012 | D:10     | Found a staircase to the Orcish Mines.
 10121 | D:10     | Reached skill level 11 in Fighting
 10364 | D:10     | Found a roughly hewn altar of Beogh.
 10465 | Lair:1   | Reached ****** piety under Okawaru
 10500 | Lair:1   | You fall through a shaft!
 10708 | Lair:1   | Reached skill level 6 in Conjurations
 10708 | Lair:1   | Reached skill level 6 in Hexes
 10708 | Lair:1   | Reached skill level 6 in Charms
 10708 | Lair:1   | Reached skill level 6 in Summonings
 10708 | Lair:1   | Reached skill level 6 in Necromancy
 10708 | Lair:1   | Reached skill level 6 in Translocations
 10708 | Lair:1   | Reached skill level 6 in Transmutations
 10708 | Lair:1   | Reached skill level 6 in Fire Magic
 10708 | Lair:1   | Reached skill level 6 in Ice Magic
 10708 | Lair:1   | Reached skill level 6 in Air Magic
 10708 | Lair:1   | Reached skill level 6 in Earth Magic
 10708 | Lair:1   | Reached skill level 6 in Poison Magic
 10725 | Lair:1   | Noticed a seven-headed hydra
 10725 | Lair:1   | Noticed a six-headed hydra
 10735 | Lair:1   | Killed a four-headed hydra
 10735 | Lair:1   | Received a gift from Okawaru
 10735 | Lair:1   | Reached skill level 8 in Invocations
 10749 | Lair:1   | Killed a six-headed hydra
 10810 | Lair:1   | Received a gift from Okawaru
 11433 | Lair:2   | Learned a level 4 spell: Summon Lightning Spire
 11717 | Lair:2   | Reached skill level 8 in Axes
 11717 | Lair:2   | Reached skill level 8 in Throwing
 11717 | Lair:2   | Reached skill level 10 in Armour
 11717 | Lair:2   | Reached skill level 8 in Evocations
 11815 | Lair:3   | Noticed a death yak
 11830 | Lair:3   | Killed a death yak
 11830 | Lair:3   | Received a gift from Okawaru
 11867 | Lair:3   | Noticed a death yak
 11867 | Lair:3   | Noticed a death yak
 11877 | Lair:3   | Noticed a death yak
 11885 | Lair:3   | Killed a death yak
 11885 | Lair:3   | Noticed a death yak
 11889 | Lair:3   | Killed a death yak
 11892 | Lair:3   | Killed a death yak
 11892 | Lair:3   | Reached XP level 13. HP: 89/106 MP: 6/24
 12194 | Lair:3   | Received a gift from Okawaru
 12480 | Lair:4   | Got a pair of ichor-stained boots
 12491 | Lair:4   | Identified the +1 pair of boots of the Eternal Fruit
                  | {*Contam rPois MR+ Stlth+} (You found it on level 4 of the
                  | Lair of Beasts)
 12503 | Lair:4   | Found a staircase to the Swamp.
 12518 | Lair:4   | Reached skill level 8 in Short Blades
 12518 | Lair:4   | Reached skill level 8 in Long Blades
 12518 | Lair:4   | Reached skill level 8 in Maces & Flails
 12518 | Lair:4   | Reached skill level 8 in Polearms
 12518 | Lair:4   | Reached skill level 8 in Staves
 12518 | Lair:4   | Reached skill level 8 in Slings
 12518 | Lair:4   | Reached skill level 8 in Bows
 12518 | Lair:4   | Reached skill level 8 in Crossbows
 12518 | Lair:4   | Reached skill level 8 in Dodging
 12518 | Lair:4   | Reached skill level 8 in Stealth
 12518 | Lair:4   | Reached skill level 8 in Shields
 12518 | Lair:4   | Reached skill level 8 in Unarmed Combat
 12518 | Lair:4   | Reached skill level 8 in Spellcasting
 12913 | Lair:4   | Got a transparent plate armour
 12941 | Lair:4   | Identified the cursed +1 plate armour of the Locust
                  | {Regen+} (You found it on level 4 of the Lair of Beasts)
 13156 | Lair:4   | Found a hole to the Spider Nest.
 13480 | Lair:4   | Reached skill level 9 in Invocations
 13570 | Lair:5   | Learned a level 3 spell: Vampiric Draining
 13717 | Lair:5   | HP: 31/106 [black mamba (12)]
 13944 | Lair:5   | Reached skill level 7 in Conjurations
 13944 | Lair:5   | Reached skill level 7 in Hexes
 13944 | Lair:5   | Reached skill level 7 in Charms
 13944 | Lair:5   | Reached skill level 7 in Summonings
 13944 | Lair:5   | Reached skill level 7 in Necromancy
 13944 | Lair:5   | Reached skill level 7 in Translocations
 13944 | Lair:5   | Reached skill level 7 in Transmutations
 13944 | Lair:5   | Reached skill level 7 in Fire Magic
 13944 | Lair:5   | Reached skill level 7 in Ice Magic
 13944 | Lair:5   | Reached skill level 7 in Air Magic
 13944 | Lair:5   | Reached skill level 7 in Earth Magic
 13944 | Lair:5   | Reached skill level 7 in Poison Magic
 14110 | Lair:4   | Received a gift from Okawaru
 14113 | Lair:4   | Reached skill level 9 in Axes
 14113 | Lair:4   | Reached skill level 9 in Throwing
 14113 | Lair:4   | Reached skill level 9 in Evocations
 14245 | Lair:4   | Received a gift from Okawaru
 14251 | Lair:4   | Reached XP level 14. HP: 38/114 MP: 3/26
 14256 | Lair:4   | HP: 34/114 [yak (10)]
 14258 | Lair:4   | Received a gift from Okawaru
 14402 | Lair:5   | You fall through a shaft!
 14402 | Lair:6   | Entered Level 6 of the Lair of Beasts
 14471 | Lair:6   | Reached skill level 12 in Fighting
 14476 | Lair:6   | Received a gift from Okawaru
 14522 | Lair:6   | Found a runed translucent door.
 14522 | Lair:6   | Found a viscous altar of Jiyva.
 14573 | Lair:6   | Received a gift from Okawaru
 14573 | Lair:6   | Reached skill level 11 in Armour
 14577 | Lair:6   | Reached skill level 9 in Short Blades
 14577 | Lair:6   | Reached skill level 9 in Long Blades
 14577 | Lair:6   | Reached skill level 9 in Maces & Flails
 14577 | Lair:6   | Reached skill level 9 in Polearms
 14577 | Lair:6   | Reached skill level 9 in Staves
 14577 | Lair:6   | Reached skill level 9 in Slings
 14577 | Lair:6   | Reached skill level 9 in Bows
 14577 | Lair:6   | Reached skill level 9 in Crossbows
 14577 | Lair:6   | Reached skill level 9 in Dodging
 14577 | Lair:6   | Reached skill level 9 in Stealth
 14577 | Lair:6   | Reached skill level 9 in Shields
 14577 | Lair:6   | Reached skill level 9 in Unarmed Combat
 14577 | Lair:6   | Reached skill level 9 in Spellcasting
 14824 | Lair:6   | Reached skill level 10 in Invocations
 14902 | Lair:6   | Received a gift from Okawaru
 15000 | Lair:6   | Found a dark tunnel.
 15023 | Lair:6   | Received a gift from Okawaru
 15211 | Lair:1   | Identified a scroll of acquirement
 15212 | Lair:1   | Got a pitted lead ring
 15213 | Lair:1   | Identified the ring "Plog" {rCorr Str+3 Stlth+} (You
                  | acquired it on level 1 of the Lair of Beasts)
 16084 | Lair:6   | Found a staircase to the Slime Pits.
 16472 | Lair:6   | Received a gift from Okawaru
 16496 | Lair:6   | Found a large runed translucent door.
 16497 | Lair:6   | Found a large runed translucent door.
 16911 | Lair:6   | Reached skill level 8 in Conjurations
 16911 | Lair:6   | Reached skill level 8 in Hexes
 16911 | Lair:6   | Reached skill level 8 in Charms
 16911 | Lair:6   | Reached skill level 8 in Summonings
 16911 | Lair:6   | Reached skill level 8 in Necromancy
 16911 | Lair:6   | Reached skill level 8 in Translocations
 16911 | Lair:6   | Reached skill level 8 in Transmutations
 16911 | Lair:6   | Reached skill level 8 in Fire Magic
 16911 | Lair:6   | Reached skill level 8 in Ice Magic
 16911 | Lair:6   | Reached skill level 8 in Air Magic
 16911 | Lair:6   | Reached skill level 8 in Earth Magic
 16911 | Lair:6   | Reached skill level 8 in Poison Magic
 16911 | Lair:6   | Reached XP level 15. HP: 100/122 MP: 22/28
 17130 | Orc:1    | Entered Level 1 of the Orcish Mines
 17178 | Orc:1    | You fall through a shaft!
 17178 | Orc:2    | Entered Level 2 of the Orcish Mines
 17178 | Orc:2    | Found Vaostoir's Food Boutique.
 17222 | Orc:2    | Reached skill level 10 in Axes
 17222 | Orc:2    | Reached skill level 10 in Throwing
 17222 | Orc:2    | Reached skill level 10 in Evocations
 17230 | Orc:2    | HP: 27/122 [two-headed ogre/+0 giant club (17)]
 17242 | Orc:2    | HP: 25/122 [two-headed ogre/cursed +0 giant club (17)]
 17252 | Orc:2    | HP: 22/122 [deep troll (9)]
 17258 | Orc:2    | HP: 35/122 [deep troll (6)]
 17300 | Orc:2    | Received a gift from Okawaru
 17385 | Orc:2    | Found a frozen archway.
 17453 | IceCv    | Entered an ice cave
 17460 | IceCv    | Received a gift from Okawaru
 17961 | IceCv    | Noticed a frost giant
 18139 | IceCv    | Killed a frost giant
 18173 | IceCv    | Got a jewelled glaive
 18286 | IceCv    | Identified the cursed +2 glaive "Vaullups" {protect, rN+}
                  | (You found it in an ice cave)
 18317 | Orc:2    | Reached skill level 10 in Short Blades
 18317 | Orc:2    | Reached skill level 10 in Long Blades
 18317 | Orc:2    | Reached skill level 10 in Maces & Flails
 18317 | Orc:2    | Reached skill level 10 in Polearms
 18317 | Orc:2    | Reached skill level 10 in Staves
 18317 | Orc:2    | Reached skill level 10 in Slings
 18317 | Orc:2    | Reached skill level 10 in Bows
 18317 | Orc:2    | Reached skill level 10 in Crossbows
 18317 | Orc:2    | Reached skill level 10 in Dodging
 18317 | Orc:2    | Reached skill level 10 in Stealth
 18317 | Orc:2    | Reached skill level 10 in Shields
 18317 | Orc:2    | Reached skill level 10 in Unarmed Combat
 18317 | Orc:2    | Reached skill level 10 in Spellcasting
 18713 | Orc:2    | Found Licewe's General Store.
 18714 | Orc:2    | Found Duleynki's Food Boutique.
 18727 | Orc:2    | Found Cycum's Armour Shoppe.
 18732 | Orc:2    | Received a gift from Okawaru
 18733 | Orc:2    | Got a faintly glowing mace {god gift}
 18738 | Orc:2    | Bought a scroll of magic mapping for 59 gold pieces
 18820 | Orc:2    | Found a staircase to the Elven Halls.
 19212 | Orc:2    | Bought a potion of ambrosia for 136 gold pieces
 19308 | Lair:1   | Learned a level 3 spell: Regeneration
 19313 | Lair:1   | Learned a level 4 spell: Summon Ice Beast
 19418 | D:11     | Noticed Erica
 19433 | D:11     | Killed Erica
 19524 | D:11     | Found a shimmering altar of Xom.
 19536 | D:11     | Reached skill level 11 in Invocations
 19590 | D:11     | Noticed Erolcha
 19613 | D:11     | Paralysed by Erolcha for 5 turns
 19620 | D:11     | Killed Erolcha
 19868 | D:11     | Found an ancient bone altar of Kikubaaqudgha.
 20066 | D:11     | Found a shimmering altar of Xom.
 20066 | D:11     | Found a shimmering altar of Xom.
 20069 | D:11     | Found a shimmering altar of Xom.
 20561 | D:12     | Noticed Kirke
 20583 | D:12     | Killed Kirke
 20583 | D:12     | Received a gift from Okawaru
 20816 | D:12     | Reached skill level 12 in Armour
 20884 | D:12     | Noticed an iron dragon
 20886 | D:12     | Found the +6 shillelagh "Devastator" {shatter}
 20896 | D:12     | Reached XP level 16. HP: 122/129 MP: 30/30
 20911 | D:12     | Reached skill level 13 in Fighting
 21010 | D:12     | Found a hide-covered altar of Uskayaw.
 21135 | D:13     | Found a shimmering altar of Xom.
 21136 | D:13     | Found Huoham's Food Shoppe.
 21179 | D:13     | Found a runed translucent door.
 21244 | D:13     | Noticed Maurice
 21252 | D:13     | Killed Maurice
 21826 | D:13     | Learned a level 1 spell: Summon Butterflies
 21832 | D:13     | Learned a level 5 spell: Summon Mana Viper
 21974 | D:13     | Got a fine quarterstaff
 22000 | D:13     | Identified the +9 quarterstaff of Yrher {vamp, rC+ Stlth+}
                  | (You found it on level 13 of the Dungeon)
 22208 | D:14     | Reached skill level 9 in Conjurations
 22208 | D:14     | Reached skill level 9 in Hexes
 22208 | D:14     | Reached skill level 9 in Charms
 22208 | D:14     | Reached skill level 9 in Summonings
 22208 | D:14     | Reached skill level 9 in Necromancy
 22208 | D:14     | Reached skill level 9 in Translocations
 22208 | D:14     | Reached skill level 9 in Transmutations
 22208 | D:14     | Reached skill level 9 in Fire Magic
 22208 | D:14     | Reached skill level 9 in Ice Magic
 22208 | D:14     | Reached skill level 9 in Air Magic
 22208 | D:14     | Reached skill level 9 in Earth Magic
 22208 | D:14     | Reached skill level 9 in Poison Magic
 22234 | D:14     | Received a gift from Okawaru
 22256 | D:14     | Received a gift from Okawaru
 22261 | D:14     | Reached skill level 11 in Axes
 22261 | D:14     | Reached skill level 11 in Throwing
 22261 | D:14     | Reached skill level 11 in Evocations
 22445 | D:14     | Found a gate to the Vaults.
 22457 | D:14     | Received a gift from Okawaru
 22470 | D:14     | Got an ichor-stained crystal plate armour {god gift}
 22471 | D:14     | Identified the +1 crystal plate armour of Nuzidydo {rF+
                  | Int+3} (Okawaru gifted it to you on level 14 of the
                  | Dungeon)
 22497 | D:14     | Identified the Papyrus of Icy Attacks
 23261 | D:15     | Entered Level 15 of the Dungeon
 23344 | D:15     | Noticed Rupert
 23364 | D:15     | Killed Rupert
 23428 | D:15     | Found a staircase to the Depths.
 23507 | D:15     | Reached skill level 11 in Short Blades
 23507 | D:15     | Reached skill level 11 in Long Blades
 23507 | D:15     | Reached skill level 11 in Maces & Flails
 23507 | D:15     | Reached skill level 11 in Polearms
 23507 | D:15     | Reached skill level 11 in Staves
 23507 | D:15     | Reached skill level 11 in Slings
 23507 | D:15     | Reached skill level 11 in Bows
 23507 | D:15     | Reached skill level 11 in Crossbows
 23507 | D:15     | Reached skill level 11 in Dodging
 23507 | D:15     | Reached skill level 11 in Stealth
 23507 | D:15     | Reached skill level 11 in Shields
 23507 | D:15     | Reached skill level 11 in Unarmed Combat
 23507 | D:15     | Reached skill level 11 in Spellcasting
 24379 | Slime:1  | Entered Level 1 of the Pits of Slime
 24379 | Slime:1  | Noticed an acid blob
 24379 | Slime:1  | Noticed an acid blob
 24453 | Swamp:1  | Entered Level 1 of the Swamp
 24624 | Swamp:1  | Reached XP level 17. HP: 137/137 MP: 32/32
 24632 | Swamp:1  | Received a gift from Okawaru
 24727 | Swamp:1  | Reached skill level 12 in Invocations
 25710 | Swamp:2  | You fall through a shaft!
 27163 | Spider:1 | Entered Level 1 of the Spider Nest
 27227 | Spider:1 | Received a gift from Okawaru
 27228 | Spider:1 | Got a warped demon whip {god gift}
 27287 | Spider:1 | Reached skill level 13 in Armour
 27293 | Spider:1 | Identified the +10 demon whip of Cowardice {flame, +Blink}
                  | (Okawaru gifted it to you on level 1 of the Spider Nest)
 27294 | Spider:1 | --woah nice!
 27943 | Spider:2 | Noticed Azrael
 27978 | Spider:2 | Killed Azrael
 28099 | Spider:2 | Noticed Aizul
 28116 | Spider:2 | Killed Aizul
 28210 | Spider:2 | Reached skill level 10 in Conjurations
 28210 | Spider:2 | Reached skill level 10 in Hexes
 28210 | Spider:2 | Reached skill level 10 in Charms
 28210 | Spider:2 | Reached skill level 10 in Summonings
 28210 | Spider:2 | Reached skill level 10 in Necromancy
 28210 | Spider:2 | Reached skill level 10 in Translocations
 28210 | Spider:2 | Reached skill level 10 in Transmutations
 28210 | Spider:2 | Reached skill level 10 in Fire Magic
 28210 | Spider:2 | Reached skill level 10 in Ice Magic
 28210 | Spider:2 | Reached skill level 10 in Air Magic
 28210 | Spider:2 | Reached skill level 10 in Earth Magic
 28210 | Spider:2 | Reached skill level 10 in Poison Magic
 28264 | Spider:2 | Noticed Agnes
 28272 | Spider:2 | Killed Agnes
 28321 | Spider:2 | Received a gift from Okawaru
 28356 | Spider:2 | Reached XP level 18. HP: 145/145 MP: 33/33
 28879 | Spider:3 | Learned a level 2 spell: Swiftness
 28904 | Spider:3 | Reached skill level 14 in Fighting
 28904 | Spider:3 | Reached skill level 12 in Axes
 28904 | Spider:3 | Reached skill level 12 in Throwing
 28904 | Spider:3 | Reached skill level 12 in Evocations
 28953 | Spider:3 | Identified the +9 halberd of Absolution {protect, rF-
                  | Str+5} (You found it on level 3 of the Spider Nest)
 29102 | Spider:3 | Got a fine amethyst amulet
 29103 | Spider:3 | Identified the amulet of Caqoqeu {+Rage rF+ Slay+2} (You
                  | found it on level 3 of the Spider Nest)
 29104 | Spider:3 | Noticed Bai Suzhen
 29134 | Spider:3 | Killed Bai Suzhen
 29694 | Swamp:4  | Entered Level 4 of the Swamp
 30358 | Swamp:4  | Received a gift from Okawaru
 30522 | Swamp:4  | Got a decaying rune of Zot
 30881 | Spider:4 | Entered Level 4 of the Spider Nest
 30950 | Spider:4 | Reached skill level 12 in Short Blades
 30950 | Spider:4 | Reached skill level 12 in Long Blades
 30950 | Spider:4 | Reached skill level 12 in Maces & Flails
 30950 | Spider:4 | Reached skill level 12 in Polearms
 30950 | Spider:4 | Reached skill level 12 in Staves
 30950 | Spider:4 | Reached skill level 12 in Slings
 30950 | Spider:4 | Reached skill level 12 in Bows
 30950 | Spider:4 | Reached skill level 12 in Crossbows
 30950 | Spider:4 | Reached skill level 12 in Dodging
 30950 | Spider:4 | Reached skill level 12 in Stealth
 30950 | Spider:4 | Reached skill level 12 in Shields
 30950 | Spider:4 | Reached skill level 12 in Unarmed Combat
 30950 | Spider:4 | Reached skill level 12 in Spellcasting
 31212 | Spider:4 | Reached skill level 13 in Invocations
 31227 | Spider:4 | Noticed Mara
 31300 | Spider:4 | Killed Mara
 31300 | Spider:4 | Received a gift from Okawaru
 31300 | Spider:4 | Received a gift from Okawaru
 31605 | Spider:3 | Received a gift from Okawaru
 31967 | Spider:4 | Received a gift from Okawaru
 32283 | Spider:4 | Got a gossamer rune of Zot
 32713 | Vaults:1 | Entered Level 1 of the Vaults
 32731 | Vaults:1 | Reached XP level 19. HP: 153/153 MP: 35/35
 33766 | Vaults:1 | Received a gift from Okawaru
 33993 | Vaults:1 | Received a gift from Okawaru
 33993 | Vaults:1 | Reached skill level 14 in Armour
 34068 | Vaults:1 | Received a gift from Okawaru
 34082 | Vaults:1 | Reached skill level 13 in Axes
 34082 | Vaults:1 | Reached skill level 13 in Throwing
 34082 | Vaults:1 | Reached skill level 13 in Evocations
 34303 | Vaults:2 | Reached skill level 11 in Conjurations
 34303 | Vaults:2 | Reached skill level 11 in Hexes
 34303 | Vaults:2 | Reached skill level 11 in Charms
 34303 | Vaults:2 | Reached skill level 11 in Summonings
 34303 | Vaults:2 | Reached skill level 11 in Necromancy
 34303 | Vaults:2 | Reached skill level 11 in Translocations
 34303 | Vaults:2 | Reached skill level 11 in Transmutations
 34303 | Vaults:2 | Reached skill level 11 in Fire Magic
 34303 | Vaults:2 | Reached skill level 11 in Ice Magic
 34303 | Vaults:2 | Reached skill level 11 in Air Magic
 34303 | Vaults:2 | Reached skill level 11 in Earth Magic
 34303 | Vaults:2 | Reached skill level 11 in Poison Magic
 34753 | Vaults:2 | Received a gift from Okawaru
 34954 | Vaults:2 | You fall through a shaft for 2 floors!
 34961 | Vaults:4 | Reached XP level 20. HP: 161/161 MP: 36/36
 34992 | Vaults:4 | Reached skill level 15 in Fighting
 34992 | Vaults:4 | Reached skill level 14 in Invocations
 34998 | Vaults:4 | Reached skill level 13 in Short Blades
 34998 | Vaults:4 | Reached skill level 13 in Long Blades
 34998 | Vaults:4 | Reached skill level 13 in Maces & Flails
 34998 | Vaults:4 | Reached skill level 13 in Polearms
 34998 | Vaults:4 | Reached skill level 13 in Staves
 34998 | Vaults:4 | Reached skill level 13 in Slings
 34998 | Vaults:4 | Reached skill level 13 in Bows
 34998 | Vaults:4 | Reached skill level 13 in Crossbows
 34998 | Vaults:4 | Reached skill level 13 in Dodging
 34998 | Vaults:4 | Reached skill level 13 in Stealth
 34998 | Vaults:4 | Reached skill level 13 in Shields
 34998 | Vaults:4 | Reached skill level 13 in Unarmed Combat
 34998 | Vaults:4 | Reached skill level 13 in Spellcasting
 35121 | Vaults:4 | Paralysed by a sphinx for 2 turns
 35169 | Vaults:4 | Noticed Donald
 35188 | Vaults:4 | Killed Donald
 35352 | Vaults:4 | Found Iteadec's Antique Armour Emporium.
 35565 | Vaults:3 | HP: 46/162 [stone giant (18)]
 35573 | Vaults:3 | HP: 20/162 [vault warden/+4 great mace of holy wrath (18)]
 35630 | Vaults:3 | Found Raahoor's Assorted Antiques.
 35638 | Vaults:3 | Found Efucec's Book Emporium.
 35737 | Vaults:3 | Received a gift from Okawaru
 35755 | Vaults:3 | Found a flickering gateway to a bazaar.
 35788 | Bazaar   | Entered a bazaar
 35788 | Bazaar   | Found Zeboti's Armour Shoppe.
 35788 | Bazaar   | Found Cezoqiv's Weapon Shoppe.
 35788 | Bazaar   | Found Xynen's Antique Weapon Shop.
 35800 | Bazaar   | Found Eleasal's General Store.
 35864 | Bazaar   | Bought a potion of curing for 45 gold pieces
 35864 | Bazaar   | Bought a scroll of enchant armour for 112 gold pieces
 35864 | Bazaar   | Bought a potion of mutation for 120 gold pieces
 35864 | Bazaar   | Bought a scroll of teleportation for 45 gold pieces
 35864 | Bazaar   | Bought a scroll of teleportation for 45 gold pieces
 35864 | Bazaar   | Bought 2 throwing nets for 90 gold pieces
 36012 | Vaults:3 | Found Napho's General Store.
 36020 | Vaults:3 | Bought a potion of curing for 36 gold pieces
 36364 | Vaults:2 | Learned a level 3 spell: Confuse
 36469 | Vaults:2 | Found a staircase to the Crypt.
 36798 | Vaults:2 | Identified the +8 chain mail "Tyaranoo" {rC++} (You found
                  | it on level 2 of the Vaults)
 36886 | Vaults:2 | Found a burning altar of Makhleb.
 38024 | Vaults:3 | Found Itasm's Gadget Boutique.
 38045 | Vaults:3 | Reached XP level 21. HP: 169/169 MP: 38/38
 38101 | Vaults:3 | Bought a book of Battle for 800 gold pieces
 38105 | Vaults:3 | Learned a level 3 spell: Spectral Weapon
 38623 | Vaults:4 | Received a gift from Okawaru
 38667 | Vaults:4 | Got a heavily runed chain mail {god gift}
 38672 | Vaults:4 | Identified the +2 chain mail of Leamuaf {MR+ Str+4 Int-2}
                  | (Okawaru gifted it to you on level 4 of the Vaults)
 39160 | Vaults:4 | HP: 39/169 [flayed ghost/flay_damage[a death knight] (16)]
 39753 | Crypt:1  | Entered Level 1 of the Crypt
 40018 | Crypt:1  | Reached skill level 14 in Axes
 40018 | Crypt:1  | Reached skill level 14 in Throwing
 40018 | Crypt:1  | Reached skill level 14 in Evocations
 40171 | Crypt:1  | Reached skill level 15 in Armour
 40244 | Crypt:1  | Received a gift from Okawaru
 40245 | Crypt:1  | Got a scorched plate armour {god gift}
 40251 | Crypt:1  | Identified the +5 plate armour of the Iron City of Dis
                  | {Regen+} (Okawaru gifted it to you on level 1 of the Crypt)
 40505 | Crypt:2  | Reached skill level 15 in Invocations
 40545 | Crypt:2  | Reached skill level 12 in Conjurations
 40545 | Crypt:2  | Reached skill level 12 in Hexes
 40545 | Crypt:2  | Reached skill level 12 in Charms
 40545 | Crypt:2  | Reached skill level 12 in Summonings
 40545 | Crypt:2  | Reached skill level 12 in Necromancy
 40545 | Crypt:2  | Reached skill level 12 in Translocations
 40545 | Crypt:2  | Reached skill level 12 in Transmutations
 40545 | Crypt:2  | Reached skill level 12 in Fire Magic
 40545 | Crypt:2  | Reached skill level 12 in Ice Magic
 40545 | Crypt:2  | Reached skill level 12 in Air Magic
 40545 | Crypt:2  | Reached skill level 12 in Earth Magic
 40545 | Crypt:2  | Reached skill level 12 in Poison Magic
 40775 | Crypt:2  | Reached skill level 14 in Short Blades
 40775 | Crypt:2  | Reached skill level 14 in Long Blades
 40775 | Crypt:2  | Reached skill level 14 in Maces & Flails
 40775 | Crypt:2  | Reached skill level 14 in Polearms
 40775 | Crypt:2  | Reached skill level 14 in Staves
 40775 | Crypt:2  | Reached skill level 14 in Slings
 40775 | Crypt:2  | Reached skill level 14 in Bows
 40775 | Crypt:2  | Reached skill level 14 in Crossbows
 40775 | Crypt:2  | Reached skill level 14 in Dodging
 40775 | Crypt:2  | Reached skill level 14 in Stealth
 40775 | Crypt:2  | Reached skill level 14 in Shields
 40775 | Crypt:2  | Reached skill level 14 in Unarmed Combat
 40775 | Crypt:2  | Reached skill level 14 in Spellcasting
 41542 | Orc:2    | Bought the +5 shield of Happy Babbling {rElec MP+9 Int-3
                  | SInv} for 904 gold pieces
 41848 | Crypt:3  | Entered Level 3 of the Crypt
 42232 | Crypt:3  | Found a staircase to the Tomb.
 42543 | Crypt:3  | Reached XP level 22. HP: 151/177 MP: 40/40
 42592 | Crypt:3  | Noticed Sojobo
 42617 | Crypt:3  | Killed Sojobo
 42628 | Crypt:3  | Reached skill level 16 in Fighting
 42887 | Crypt:3  | Received a gift from Okawaru
 42915 | Crypt:3  | HP: 40/178 [ancient champion/stone arrow (16)]
 42920 | Crypt:3  | HP: 32/178 [ancient champion/bolt of negative energy (5)]
 43355 | Crypt:3  | HP: 44/178 [lich/bolt of fire (15)]
 43356 | Crypt:3  | HP: 15/178 [ettin zombie (11)]
 43568 | Crypt:3  | Identified the ring of Ruyjyjonk {rElec rN+ Dex+2}
 43600 | Crypt:3  | Noticed a curse toe
 43627 | Crypt:3  | Killed a curse toe
 43644 | Crypt:3  | Found a basalt altar of Yredelemnul.
 43647 | Crypt:3  | Found an ancient bone altar of Kikubaaqudgha.
 43671 | Crypt:3  | Got a scorched longbow
 43672 | Crypt:3  | Identified the +5 longbow of the Harvest {flame, Int+2}
                  | (You found it on level 3 of the Crypt)
 43709 | Crypt:3  | Got a twitching ivory ring
 43710 | Crypt:3  | Identified the ring "Xukuskubre" {rF+ rN+} (You found it on
                  | level 3 of the Crypt)
 44127 | Elf:1    | Entered Level 1 of the Elven Halls
 44394 | Elf:1    | Identified the Grimoire of Confrontation
 44751 | Elf:1    | Found a radiant altar of Vehumet.
 45158 | Elf:2    | Received a gift from Okawaru
 45199 | Elf:2    | Got a faintly glowing chain mail {god gift}
 45200 | Elf:2    | Identified the +5 chain mail of the Barracuda {-Cast rC+
                  | Str+4} (Okawaru gifted it to you on level 2 of the Elven
                  | Halls)
 45500 | Elf:2    | Found a huge runed translucent gate.
 45503 | Elf:2    | Found a huge runed translucent gate.
 45503 | Elf:2    | Found a huge runed translucent gate.
 45504 | Elf:2    | Found a huge runed translucent gate.
 45505 | Elf:2    | Found a huge runed translucent gate.
 45834 | Elf:2    | Cast into level 2 of the Abyss (+1 trident of distortion)
 45959 | Abyss:2  | Reached XP level 23. HP: 182/185 MP: 41/41
 46246 | Elf:2    | Escaped the Abyss
 46303 | Elf:2    | Reached skill level 15 in Axes
 46303 | Elf:2    | Reached skill level 15 in Throwing
 46303 | Elf:2    | Reached skill level 15 in Evocations
 46577 | Elf:2    | Cast into level 3 of the Abyss (+1 trident of distortion)
 46807 | Abyss:3  | Reached skill level 16 in Invocations
 47210 | Elf:2    | Escaped the Abyss
 47222 | Elf:2    | Received a gift from Okawaru
 47524 | Elf:3    | Entered Level 3 of the Elven Halls
 47606 | Elf:3    | Got a pitted iron ring
 47607 | Elf:3    | Identified the ring of Midwinter {rC+ EV+1 Int+3 Dex+4}
                  | (You found it on level 3 of the Elven Halls)
 47719 | Elf:3    | Found Iraptasch's Gadget Shoppe.
 47993 | Elf:3    | Reached skill level 16 in Armour
 48283 | Elf:2    | Reached skill level 15 in Short Blades
 48283 | Elf:2    | Reached skill level 15 in Long Blades
 48283 | Elf:2    | Reached skill level 15 in Maces & Flails
 48283 | Elf:2    | Reached skill level 15 in Polearms
 48283 | Elf:2    | Reached skill level 15 in Staves
 48283 | Elf:2    | Reached skill level 15 in Slings
 48283 | Elf:2    | Reached skill level 15 in Bows
 48283 | Elf:2    | Reached skill level 15 in Crossbows
 48283 | Elf:2    | Reached skill level 15 in Dodging
 48283 | Elf:2    | Reached skill level 15 in Stealth
 48283 | Elf:2    | Reached skill level 15 in Shields
 48283 | Elf:2    | Reached skill level 15 in Unarmed Combat
 48283 | Elf:2    | Reached skill level 15 in Spellcasting
 48664 | Elf:3    | Reached skill level 13 in Conjurations
 48664 | Elf:3    | Reached skill level 13 in Hexes
 48664 | Elf:3    | Reached skill level 13 in Charms
 48664 | Elf:3    | Reached skill level 13 in Summonings
 48664 | Elf:3    | Reached skill level 13 in Necromancy
 48664 | Elf:3    | Reached skill level 13 in Translocations
 48664 | Elf:3    | Reached skill level 13 in Transmutations
 48664 | Elf:3    | Reached skill level 13 in Fire Magic
 48664 | Elf:3    | Reached skill level 13 in Ice Magic
 48664 | Elf:3    | Reached skill level 13 in Air Magic
 48664 | Elf:3    | Reached skill level 13 in Earth Magic
 48664 | Elf:3    | Reached skill level 13 in Poison Magic
 48678 | Elf:3    | Received a gift from Okawaru
 48742 | Elf:3    | Cast into level 2 of the Abyss (a deep elf demonologist)
 48838 | Abyss:2  | Found a burning altar of Makhleb.
 49060 | Abyss:2  | Gained mutation: Your magical capacity is low. (-10% MP) [a
                  | cacodemon]
 49062 | Abyss:2  | Received a gift from Okawaru
 49080 | Abyss:2  | Paralysed by a lich for 3 turns
 49621 | Elf:3    | Escaped the Abyss
 49626 | Elf:3    | HP: 39/167 [???[a deep elf demonologist] (22)]
 49836 | Elf:3    | Identified the +5 scythe of Dishonesty {slice, rPois}
 49840 | Elf:3    | Identified the +3 demon blade of Disorder {pain, rC+ MR+
                  | Int+6 Stlth+}
 49997 | Elf:3    | Reached XP level 24. HP: 193/193 MP: 38/38
 50153 | Elf:3    | Found the -2 hat of the Alchemist {rElec rPois rF+ rC+ rN+
                  | MR+ rMut rCorr}
 50471 | Elf:3    | Got a smelly plate armour
 50585 | Elf:3    | Identified the +1 plate armour of Disguise {+Fly rC-
                  | Stlth+} (You found it on level 3 of the Elven Halls)
 50878 | Depths:1 | Entered Level 1 of the Depths
 50928 | Depths:1 | Found a one-way gate to the infinite horrors of the Abyss.
 51084 | Depths:1 | Found a one-way gate leading to the halls of Pandemonium.
 51178 | Depths:1 | Received a gift from Okawaru
 51284 | Depths:1 | Reached skill level 17 in Fighting
 51389 | Depths:1 | Found a gateway to Hell.
 51524 | Depths:1 | Found Xole's Gadget Shop.
 51524 | Depths:1 | Found Feudghiodo's Jewellery Emporium.
 51525 | Depths:1 | Found Qiotreh's Gadget Shop.
 52436 | Depths:2 | Received a gift from Okawaru
 52601 | Depths:2 | Received a gift from Okawaru
 52808 | Depths:2 | Noticed Saint Roka
 52828 | Depths:2 | Killed Saint Roka
 53400 | Depths:3 | Found an opulent altar of Gozag.
 53407 | Depths:3 | Noticed a caustic shrike
 53423 | Depths:2 | Killed a caustic shrike
 53493 | Depths:3 | Noticed a caustic shrike
 53506 | Depths:2 | Killed a caustic shrike
 53698 | Depths:2 | Reached skill level 17 in Invocations
 53811 | Depths:3 | Identified Cazivut's Collected Works on Ignition
 53990 | Depths:3 | Reached skill level 16 in Axes
 53990 | Depths:3 | Reached skill level 16 in Throwing
 53990 | Depths:3 | Reached skill level 16 in Evocations
 53990 | Depths:3 | Reached XP level 25. HP: 202/202 MP: 38/38
 54067 | Depths:3 | Got a faintly glowing marble ring
 54101 | Depths:3 | Identified the ring of Free Expression {+Fly rC+ MR+ Dex-5}
                  | (You found it on level 3 of the Depths)
 54403 | Depths:3 | Received a gift from Okawaru
 55212 | Depths:4 | Reached skill level 16 in Short Blades
 55212 | Depths:4 | Reached skill level 16 in Long Blades
 55212 | Depths:4 | Reached skill level 16 in Maces & Flails
 55212 | Depths:4 | Reached skill level 16 in Polearms
 55212 | Depths:4 | Reached skill level 16 in Staves
 55212 | Depths:4 | Reached skill level 16 in Slings
 55212 | Depths:4 | Reached skill level 16 in Bows
 55212 | Depths:4 | Reached skill level 16 in Crossbows
 55212 | Depths:4 | Reached skill level 16 in Dodging
 55212 | Depths:4 | Reached skill level 16 in Stealth
 55212 | Depths:4 | Reached skill level 16 in Shields
 55212 | Depths:4 | Reached skill level 16 in Unarmed Combat
 55212 | Depths:4 | Reached skill level 16 in Spellcasting
 55235 | Depths:4 | Received a gift from Okawaru
 55303 | Depths:4 | Reached skill level 17 in Armour
 55406 | Depths:4 | Received a gift from Okawaru
 55579 | Depths:4 | Found a gateway to a ziggurat.
 55611 | Depths:4 | Received a gift from Okawaru
 55933 | Depths:4 | Noticed Louise
 55955 | Depths:4 | Received a gift from Okawaru
 55965 | Depths:4 | Killed Louise
 56370 | Depths:5 | Entered Level 5 of the Depths
 56370 | Depths:5 | Noticed a juggernaut
 56387 | Depths:5 | Killed a juggernaut
 56407 | Depths:5 | Reached skill level 14 in Conjurations
 56407 | Depths:5 | Reached skill level 14 in Hexes
 56407 | Depths:5 | Reached skill level 14 in Charms
 56407 | Depths:5 | Reached skill level 14 in Summonings
 56407 | Depths:5 | Reached skill level 14 in Necromancy
 56407 | Depths:5 | Reached skill level 14 in Translocations
 56407 | Depths:5 | Reached skill level 14 in Transmutations
 56407 | Depths:5 | Reached skill level 14 in Fire Magic
 56407 | Depths:5 | Reached skill level 14 in Ice Magic
 56407 | Depths:5 | Reached skill level 14 in Air Magic
 56407 | Depths:5 | Reached skill level 14 in Earth Magic
 56407 | Depths:5 | Reached skill level 14 in Poison Magic
 56417 | Depths:5 | Received a gift from Okawaru
 56538 | Depths:5 | Noticed Jory
 56565 | Depths:5 | Killed Jory
 56584 | Depths:5 | HP: 55/203 [something (7)]
 56671 | Depths:5 | Noticed a juggernaut
 56833 | Depths:4 | Killed a juggernaut
 56916 | Depths:5 | Reached XP level 26. HP: 182/211 MP: 39/39
 56958 | Depths:5 | Received a gift from Okawaru
 57125 | Depths:5 | Reached skill level 18 in Fighting
 57193 | Depths:5 | Received a gift from Okawaru
 57431 | Depths:5 | Found a gate to the Realm of Zot.
 57755 | Depths:5 | Received a gift from Okawaru
 58203 | Vaults:5 | Entered Level 5 of the Vaults
 58230 | Vaults:4 | Received a gift from Okawaru
 58252 | Vaults:4 | Received a gift from Okawaru
 58317 | Vaults:5 | Noticed an ancient lich
 58348 | Vaults:4 | Reached skill level 18 in Invocations
 58349 | Vaults:4 | HP: 51/211 [hellion/damnation[an ancient lich] (34)]
 58349 | Vaults:4 | Killed an ancient lich
 58354 | Vaults:4 | HP: 42/211 [fire giant/fireball (12)]
 58355 | Vaults:4 | HP: 15/211 [fire giant/+2 great sword of flaming (9)]
 58361 | Vaults:4 | HP: 30/211 [fire giant/+2 great sword of flaming (10)]
 58592 | Vaults:5 | Noticed an ancient lich
 58682 | Vaults:4 | Killed an ancient lich
 58682 | Vaults:4 | Received a gift from Okawaru
 58682 | Vaults:4 | Reached skill level 17 in Axes
 58682 | Vaults:4 | Reached skill level 17 in Throwing
 58682 | Vaults:4 | Reached skill level 17 in Evocations
 58745 | Vaults:5 | Identified the +6 rapier of Honesty {freeze, *Rage Str+4
                  | Int+3}
 58755 | Vaults:4 | HP: 50/211 [titan (19)]
 58762 | Vaults:3 | HP: 46/211 [titan/bolt of lightning (10)]
 58997 | Vaults:4 | Received a gift from Okawaru
 59030 | Vaults:4 | Got a pair of crude gloves {god gift}
 59037 | Vaults:4 | Identified the +1 pair of gloves of Minor Irritation {rN+
                  | Regen+ Int+2} (Okawaru gifted it to you on level 4 of the
                  | Vaults)
 59506 | Vaults:5 | Reached XP level 27. HP: 208/219 MP: 39/39
 59510 | Vaults:5 | Reached skill level 17 in Short Blades
 59510 | Vaults:5 | Reached skill level 17 in Long Blades
 59510 | Vaults:5 | Reached skill level 17 in Maces & Flails
 59510 | Vaults:5 | Reached skill level 17 in Polearms
 59510 | Vaults:5 | Reached skill level 17 in Staves
 59510 | Vaults:5 | Reached skill level 17 in Slings
 59510 | Vaults:5 | Reached skill level 17 in Bows
 59510 | Vaults:5 | Reached skill level 17 in Crossbows
 59510 | Vaults:5 | Reached skill level 17 in Dodging
 59510 | Vaults:5 | Reached skill level 17 in Stealth
 59510 | Vaults:5 | Reached skill level 17 in Shields
 59510 | Vaults:5 | Reached skill level 17 in Unarmed Combat
 59510 | Vaults:5 | Reached skill level 17 in Spellcasting
 59716 | Vaults:5 | Got a silver rune of Zot
 59811 | Vaults:5 | Reached skill level 18 in Armour
 60111 | Vaults:5 | Identified the +3 flail "Josoddaf" {distort, MP+9 Str+4}
 60124 | Vaults:5 | Noticed a juggernaut
 60127 | Vaults:5 | a juggernaut changed into a golden dragon
 60536 | Vaults:5 | Received a gift from Okawaru
 60881 | Vaults:5 | Identified the +6 dagger of Optimality {vamp, +Fly Str+3
                  | Int+6}
 61666 | Slime:1  | HP: 59/219 [acid blob/splash of acid (9)]
 61669 | Slime:1  | HP: 8/219 [acid blob (25)]
 61986 | Slime:3  | Received a gift from Okawaru
 61986 | Slime:3  | Reached skill level 15 in Conjurations
 61986 | Slime:3  | Reached skill level 15 in Hexes
 61986 | Slime:3  | Reached skill level 15 in Charms
 61986 | Slime:3  | Reached skill level 15 in Summonings
 61986 | Slime:3  | Reached skill level 15 in Necromancy
 61986 | Slime:3  | Reached skill level 15 in Translocations
 61986 | Slime:3  | Reached skill level 15 in Transmutations
 61986 | Slime:3  | Reached skill level 15 in Fire Magic
 61986 | Slime:3  | Reached skill level 15 in Ice Magic
 61986 | Slime:3  | Reached skill level 15 in Air Magic
 61986 | Slime:3  | Reached skill level 15 in Earth Magic
 61986 | Slime:3  | Reached skill level 15 in Poison Magic
 62025 | Slime:3  | Learned a level 4 spell: Airstrike
 62254 | Slime:5  | Entered Level 5 of the Pits of Slime
 62432 | Slime:5  | Received a gift from Okawaru
 62566 | Slime:5  | Learned a level 6 spell: Freezing Cloud
 62976 | Slime:5  | Found a viscous altar of Jiyva.
 62976 | Slime:5  | Noticed the Royal Jelly
 62979 | Slime:5  | Found the ring of Phasing {EV+8}
 63011 | Slime:5  | HP: 63/220 [acid[the Royal Jelly] (5)]
 63018 | Slime:5  | HP: 44/220 [acid blob/splash of acid[the Royal Jelly] (1)]
 63024 | Slime:5  | Killed the Royal Jelly
 63325 | Slime:5  | Got an ancient battleaxe
 63372 | Slime:5  | Got a slimy rune of Zot
 63390 | Slime:5  | Got a scorched glaive
 63416 | Slime:5  | Identified the +4 battleaxe of the Shark {chop, +Rage MR-
                  | Dex+8 SInv} (You found it on level 5 of the Pits of Slime)
 63417 | Slime:5  | Identified the cursed +1 glaive of Trauma {venom, *Slow
                  | +Blink SInv Stlth+} (You found it on level 5 of the Pits of
                  | Slime)
 63739 | Orc:2    | Bought a +0 pair of boots of running for 472 gold pieces
 63745 | Orc:2    | Bought a book of the Warp for 1530 gold pieces
 63962 | Vaults:3 | Bought a book of Party Tricks for 1000 gold pieces
 64121 | Lair:1   | Learned a level 1 spell: Apportation
 64125 | Lair:1   | Learned a level 3 spell: Portal Projectile
 64131 | Lair:1   | Learned a level 5 spell: Lee's Rapid Deconstruction
 64296 | Pan      | Entered Pandemonium
 64583 | Pan      | Reached skill level 19 in Fighting
 64845 | Pan      | Reached skill level 19 in Invocations
 64952 | Pan      | Found a runed translucent door.
 65105 | Pan      | HP: 53/221 [??? (33)]
 65121 | Pan      | HP: 31/221 [??? (19)]
 65474 | Pan      | Noticed Alepp the pandemonium lord
 65488 | Pan      | HP: 64/221 [???[Alepp] (41)]
 65493 | Pan      | HP: 38/221 [Alepp the pandemonium lord (4)]
 65496 | Pan      | Killed Alepp the pandemonium lord
 65971 | Pan      | Received a gift from Okawaru
 66122 | Pan      | Reached skill level 18 in Axes
 66122 | Pan      | Reached skill level 18 in Throwing
 66122 | Pan      | Reached skill level 18 in Evocations
 66132 | Pan      | Received a gift from Okawaru
 66141 | Pan      | HP: 62/221 [??? (39)]
 66146 | Pan      | HP: 42/221 [??? (26)]
 66365 | Depths:1 | Escaped Pandemonium
 66696 | Pan      | Entered Pandemonium
 66871 | Pan      | Received a gift from Okawaru
 66871 | Pan      | HP: 62/222 [balrug/divine providence (12)]
 67372 | Pan      | HP: 54/222 [??? (34)]
 67377 | Pan      | HP: 53/222 [red devil/cursed -1 trident[a balrug] (5)]
 67382 | Pan      | HP: 36/222 [??? (21)]
 67395 | Pan      | HP: 31/222 [??? (18)]
 67588 | Pan      | Noticed Ywafat the pandemonium lord
 67620 | Pan      | Killed Ywafat the pandemonium lord
 67646 | Pan      | HP: 54/222 [smoke demon/divine providence (13)]
 67649 | Pan      | HP: 22/222 [smoke demon/divine providence (14)]
 67650 | Pan      | HP: 5/222 [smoke demon/divine providence (10)]
 67687 | Pan      | HP: 48/222 [hellion/damnation (19)]
 67695 | Pan      | HP: 57/222 [blizzard demon] (4)]
 67700 | Pan      | HP: 44/222 [gelid demonspawn/+0 demon trident (22)]
 67799 | Pan      | Reached skill level 18 in Short Blades
 67799 | Pan      | Reached skill level 18 in Long Blades
 67799 | Pan      | Reached skill level 18 in Maces & Flails
 67799 | Pan      | Reached skill level 18 in Polearms
 67799 | Pan      | Reached skill level 18 in Staves
 67799 | Pan      | Reached skill level 18 in Slings
 67799 | Pan      | Reached skill level 18 in Bows
 67799 | Pan      | Reached skill level 18 in Crossbows
 67799 | Pan      | Reached skill level 18 in Dodging
 67799 | Pan      | Reached skill level 18 in Stealth
 67799 | Pan      | Reached skill level 18 in Shields
 67799 | Pan      | Reached skill level 18 in Unarmed Combat
 67799 | Pan      | Reached skill level 18 in Spellcasting
 68020 | Pan      | Got a demonic rune of Zot
 68110 | Pan      | HP: 50/222 [??? (31)]
 68111 | Pan      | HP: 20/222 [smoke demon/divine providence (13)]
 68302 | Pan      | Entered the realm of Gloorx Vloq.
 68570 | Pan      | Noticed Gloorx Vloq
 68592 | Pan      | HP: 65/221 [Executioner (13)]
 68602 | Pan      | HP: 29/222 [Executioner (15)]
 68992 | Pan      | Received a gift from Okawaru
 69114 | Pan      | HP: 52/222 [??? (33)]
 69119 | Pan      | Killed Gloorx Vloq
 69119 | Pan      | Reached skill level 19 in Armour
 69125 | Pan      | Got a dark rune of Zot
 69346 | Pan      | Found an exit through the horrors of the Abyss.
 69763 | Pan      | Upgraded the game from 0.24-a0-201-gf205589 to
                  | 0.24-a0-203-gf0bc1e9
 69764 | Pan      | Took an exit into the Abyss.
 69764 | Abyss:1  | Escaped into the Abyss
 69815 | Abyss:1  | Paralysed by accursed screaming for 1 turns
 69826 | Abyss:1  | Paralysed by accursed screaming for 2 turns
 70096 | Depths:1 | Escaped the Abyss
 70424 | Pan      | Entered Pandemonium
 70668 | Pan      | Identified the Compendium of the Arsonist
 71083 | Pan      | Noticed Jorus the pandemonium lord
 71114 | Pan      | Killed Jorus the pandemonium lord
 71132 | Pan      | HP: 53/223 [monstrous warmonger (18)]
 71132 | Pan      | HP: 16/223 [reaper/+2 scythe of protection[a shadow demon]
                  | (27)]
 71137 | Pan      | HP: 7/223 [infernal warmonger/bolt[a shadow demon] (21)]
 71137 | Pan      | Shot with a bolt by an infernal warmonger

Levels and vault maps discovered:
D:1:      psy_arrival_statuary, layout_rooms
D:2:      layout_rooms, old_standard_altar, xom_butterflies,
          nicolae_qazlal_eye_of_the_storm, hangedman_decor_push,
          uniq_crazy_yiuf_cottage
D:3:      layout_rooms, nemelex_diamond_rough_becter, uniq_sigmund,
          uniq_grinder, uniq_natasha, uniq_robin
D:4:      layout_loops_ring, minmay_temple_entry_antechambers, first_ration,
          uniq_pikel
D:5:      layout_basic, nicolae_overflow_hidden_temple,
          kennysheep_generic_room_8, uniq_ijyb, uniq_menkaure
D:6:      layout_loops_cross, nicolae_overflow_crystal_walls, serial_undead,
          serial_undead_e, serial_undead_d, serial_undead_d, serial_undead_e,
          serial_undead_d, uniq_blork_the_orc
D:7:      layout_basic, elyvilon_altar_4, grunt_temple_overflow_open,
          serial_shops, nicolae_shop_statue_plus, okawaru_ov_weapons_minmay,
          uniq_joseph, uniq_prince_ribbit1
D:8:      layout_basic, david_nohive_1
D:9:      minmay_the_grid_four_pointed_star_mashed
          [minmay_the_grid_triangle_9x9_dagger,
          minmay_the_grid_triangle_9x9_wacky_v,
          minmay_the_grid_triangle_9x9_corruption,
          minmay_the_grid_triangle_9x9_skeleton,
          minmay_the_grid_prize_diamond_cup], layout_stronghold,
          nrook_pool_corridor
D:10:     layout_long_grid, minmay_lair_entry_grove,
          minmay_orc_entry_temple_small, basic_altar, uniq_urug
D:11:     wander_kiku_kobolds, layout_rooms, xom_redecorated, uniq_erica,
          uniq_erolcha
D:12:     minmay_roctagon, layout_cave_pools, lemuel_tele_altar, uniq_kirke
D:13:     layout_roguey [special_room_orc], serial_shops, nicolae_shop_trees,
          basic_altar, minmay_st_funbox, uniq_maurice
D:14:     layout_long_grid, grunt_vaults_entry_tiered,
          chequers_serial_rivers_micro_b
D:15:     gammafunk_enter_depths_forms, layout_grid_maze, serial_park_tiny_2,
          nrook_guardian_serpent_ordinary, uniq_rupert
Temple:   dshaligram_water_room_temple
Lair:1:   layout_concentric_octagons, st_stairs_10
Lair:2:   layout_loops_ring, serial_bayou_shore_a
Lair:3:   layout_big_grid
Lair:4:   layout_big_grid, minmay_swamp_entry_worms,
          spider_nest_entry_funnel_web
Lair:5:   layout_regular_city
Lair:6:   cheibrodos_lair_end_hotspot, layout_layer_cave, slime_altar_2,
          nicolae_volcano_entry_batcave
Swamp:1:  layout_basic_swamp, evilmike_swamp_ruin_house_6
Swamp:2:  layout_falls_marsh, evilmike_swamp_ruin_rubble_2
Swamp:3:  layout_basic_swamp, hangedman_swamp_lotus, infiniplex_staircase_pool
Swamp:4:  swamp_icy, layout_basic_swamp
Spider:1: layout_spider_delve
Spider:2: layout_spider_delve, uniq_aizul, uniq_azrael, uniq_agnes
Spider:3: layout_spider_delve, uniq_bai_suzhen
Spider:4: grunt_spider_rune_circles, nicolae_spider_cling_ruins, uniq_mara
Slime:1:  layout_caves
Slime:2:  layout_caves
Slime:3:  layout_caves, basic_altar
Slime:4:  layout_caves
Slime:5
Orc:1:    layout_diamond_mine
Orc:2:    st_orc_open, layout_diamond_mine, portal_ice_cave_demonic_guard
Elf:1:    layout_gridlike, basic_altar, minmay_elf_annihilation,
          grunt_megastairs_2
Elf:2:    layout_geoelf_octagon
Elf:3:    elf_hall, layout_loops_ring, serial_shops, shop
Vaults:1: v_alt_pattern_6, hangedman_vaults_stitches, v_pattern_3,
          nicolae_vaults_c_with_doors, hangedman_vaults_capsules,
          dpeg_vaults_monster_box, v_alt_pattern_3,
          nicolae_vaults_network_square, vaults_mumra_chevron_long,
          layout_vaults_ring
Vaults:2: st_lines, nicolae_vaults_shelves_hall, hangedman_vaults_nails,
          grunt_vaults_bifocal, vaults_standard_mumra_enter_the_diamond,
          hangedman_vaults_stagger, blue_anna_dwarven_crypt,
          vaults_room_ringed_pool, layout_vaults_omnigrid, basic_altar
Vaults:3: v_misc_19, nicolae_vaults_asterisk, v_misc_28,
          grunt_vaults_hallway_long, nicolae_vaults_asterisk, v_pattern_4,
          nicolae_vaults_stairing_the_circle, nicolae_vaults_three_branches,
          ontoclasm_vaults_chip, layout_vaults_big_room, serial_shops,
          bzr_entry_customers, shop, nicolae_shop_waterfront, shop, shop
Vaults:4: nicolae_vaults_hallways_thing, vaults_room_semicircle,
          vaults_room_hangedman_quadrants, vaults_dpeg_ring,
          nicolae_vaults_circle_grid_b, vaults_room_semicircle, v_misc_17,
          nicolae_vaults_little_squares_5,
          nicolae_vaults_windows_and_doors_thing, hangedman_vaults_snaps,
          v_misc_10, nicolae_vaults_mini_display_case, vaults_room_semicircle,
          layout_vaults_omnicross, serial_shops, nicolae_shop_crystal,
          uniq_donald
Vaults:5: serial_shops
Crypt:1:  layout_rooms, serial_sigils, serial_sigils_hangedman_clutch,
          serial_sigils_hangedman_scratch, serial_sigils_hangedman_snap,
          serial_sigils_hangedman_gut, serial_sigils_hangedman_stare,
          serial_sigils_hangedman_scar
Crypt:2:  layout_gridlike
Crypt:3:  lightli_unholy_cathedral, layout_chaotic_city,
          tomb_entry_sphere_bobbens, minivault_23, uniq_sojobo
Depths:1: layout_gridlike, pf_coc_iceberg, abyss_entry, nicolae_wwwww,
          rand_demon_pan_entry_3, nicolae_twisting_strands, nooodl_food_tri,
          minmay_shop_grove, serial_bayou_shore_b
Depths:2: hangedman_crystal_crosses_colossus [crystal_crosses_arms_four,
          crystal_crosses_arms_two, crystal_crosses_arms_one,
          crystal_crosses_arms_one], hell_entry, abyss_entry, pan_entry,
          serial_shops, uniq_saint_roka
Depths:3: evilmike_horseshoe, layout_basic, hell_entry, rand_demon_pan_entry_5,
          serial_curves, eino_curves_04, eino_curves_03,
          abyss_entry_small_statue_room, st_stairs_14, corexii_leaking_fountain,
          argonaut_fire_from_heaven
Depths:4: kennysheep_blocky_room, layout_cross, enter_ziggurat_a,
          nicolae_abyss_entry_one_way_or_another, hell_entry,
          kennysheep_pointless_box, infiniplex_staircase_pillars_3b
Depths:5: evilmike_zot_entry_basic, layout_basic, abyss_entry, hell_entry,
          minmay_misc_feat_ornament, grunt_megastairs_5, uniq_jory
Abyss:1
Abyss:2
Abyss:3:  evilmike_abyss_exit_14
Pan:      grunt_pan_pentagram, layout_grid_shapes, pan_blood_fountain
Bazaar:   bazaar_minmay_generic_island
IceCv:    ice_cave_small_giant

Skill      XL: |  1  2  3  4  5  6  7  8  9 10 11 12 13 14 15 16 17 18 19 20 21 22 23 24 25 26 27 |
---------------+----------------------------------------------------------------------------------+-----
Invocations    | 1 2 3 4 5 6 7 8 9 10 11 12 13 14 15 16 17 18 19 | 19.8
Short Blades   | 1 2 3 4 5 6 7 8 9 10 11 12 13 14 15 16 18 | 18.4
Long Blades    | 1 2 3 4 5 6 7 8 9 10 11 12 13 14 15 16 18 | 18.4
Maces & Flails | 1 2 3 4 5 6 7 8 9 10 11 12 13 14 15 16 18 | 18.4
Polearms       | 1 2 3 4 5 6 7 8 9 10 11 12 13 14 15 16 18 | 18.4
Staves         | 1 2 3 4 5 6 7 8 9 10 11 12 13 14 15 16 18 | 18.4
Slings         | 1 2 3 4 5 6 7 8 9 10 11 12 13 14 15 16 18 | 18.4
Bows           | 1 2 3 4 5 6 7 8 9 10 11 12 13 14 15 16 18 | 18.4
Crossbows      | 1 2 3 4 5 6 7 8 9 10 11 12 13 14 15 16 18 | 18.4
Dodging        | 1 2 3 4 5 6 7 8 9 10 11 12 13 14 15 16 18 | 18.4
Stealth        | 1 2 3 4 5 6 7 8 9 10 11 12 13 14 15 16 18 | 18.4
Shields        | 1 2 3 4 5 6 7 8 9 10 11 12 13 14 15 16 18 | 18.4
Unarmed Combat | 1 2 3 4 5 6 7 8 9 10 11 12 13 14 15 16 18 | 18.4
Spellcasting   | 1 2 3 4 5 6 7 8 9 10 11 12 13 14 15 16 18 | 18.4
Conjurations   | 1 2 3 4 5 6 7 8 9 10 11 12 13 14 15 | 15.9
Hexes          | 1 2 3 4 5 6 7 8 9 10 11 12 13 14 15 | 15.9
Charms         | 1 2 3 4 5 6 7 8 9 10 11 12 13 14 15 | 15.9
Summonings     | 1 2 3 4 5 6 7 8 9 10 11 12 13 14 15 | 15.9
Necromancy     | 1 2 3 4 5 6 7 8 9 10 11 12 13 14 15 | 15.9
Translocations | 1 2 3 4 5 6 7 8 9 10 11 12 13 14 15 | 15.9
Transmutations | 1 2 3 4 5 6 7 8 9 10 11 12 13 14 15 | 15.9
Fire Magic     | 1 2 3 4 5 6 7 8 9 10 11 12 13 14 15 | 15.9
Ice Magic      | 1 2 3 4 5 6 7 8 9 10 11 12 13 14 15 | 15.9
Air Magic      | 1 2 3 4 5 6 7 8 9 10 11 12 13 14 15 | 15.9
Earth Magic    | 1 2 3 4 5 6 7 8 9 10 11 12 13 14 15 | 15.9
Poison Magic   | 1 2 3 4 5 6 7 8 9 10 11 12 13 14 15 | 15.9
Axes           | 3 4 5 6 7 8 9 10 11 12 13 14 15 16 17 18 | 18.6
Throwing       | 3 4 5 6 7 8 9 10 11 12 13 14 15 16 17 18 | 18.6
Evocations     | 3 4 5 6 7 8 9 10 11 12 13 14 15 16 17 18 | 18.6
Armour         | 7 8 9 10 11 12 13 14 15 16 17 19 | 19.2
Fighting       | 9 10 11 12 13 14 15 16 17 18 19 | 19.7

Action                   |  1- 3 |  4- 6 |  7- 9 | 10-12 | 13-15 | 16-18 | 19-21 | 22-24 | 25-27 || total
-------------------------+-------+-------+-------+-------+-------+-------+-------+-------+-------++-------
Melee: Hand axe          |    96 |   123 |   205 |   112 |       |       |       |       |       ||   536
       Bite              |    14 |    20 |    54 |    79 |   189 |   235 |   292 |   321 |   519 ||  1723
       Dagger            |       |    14 |   200 |   141 |     7 |    21 |    58 |       |       ||   441
       Hunting sling     |       |     1 |       |       |       |       |       |       |       ||     1
       War axe           |       |       |     3 |       |       |       |       |       |       ||     3
       Unarmed           |       |       |     2 |       |       |       |       |       |       ||     2
       Punch             |       |       |    10 |    33 |    67 |       |       |     1 |       ||   111
       Long sword        |       |       |       |   233 |   780 |       |       |       |       ||  1013
       Falchion          |       |       |       |     5 |    13 |       |       |       |       ||    18
       Broad axe         |       |       |       |       |   187 |   981 |   629 |   350 |   762 ||  2909
       Scimitar          |       |       |       |       |     5 |    39 |       |       |       ||    44
       Demon whip        |       |       |       |       |       |   452 |   826 |  1383 |  1055 ||  3716
       Sacred scourge    |       |       |       |       |       |       |       |       |   735 ||   735
 Fire: Blowgun           |       |     1 |       |       |       |       |       |       |       ||     1
       Hunting sling     |       |       |     7 |       |       |       |       |       |       ||     7
Throw: Stone             |     4 |       |     1 |       |       |       |       |       |       ||     5
       Tomahawk          |       |       |     9 |    20 |       |       |       |       |       ||    29
       Javelin           |       |       |       |     5 |     1 |    30 |     2 |    18 |    18 ||    74
 Cast: Stone Arrow       |       |       |       |     8 |    15 |    29 |     6 |    29 |    24 ||   111
       Sticky Flame      |       |       |       |    22 |    54 |    15 |    15 |    26 |    19 ||   151
       Conjure Flame     |       |       |       |    15 |    16 |       |       |     5 |     3 ||    39
       Blink             |       |       |       |       |     3 |     2 |       |     2 |     6 ||    13
       Vampiric Draining |       |       |       |       |     6 |       |       |       |       ||     6
       Regeneration      |       |       |       |       |       |       |     3 |       |     5 ||     8
       Confuse           |       |       |       |       |       |       |     3 |       |       ||     3
       Spectral Weapon   |       |       |       |       |       |       |    21 |    42 |    95 ||   158
       Summon Mana Viper |       |       |       |       |       |       |       |     1 |     1 ||     2
       Swiftness         |       |       |       |       |       |       |       |     1 |     2 ||     3
       Summon Lightning  |       |       |       |       |       |       |       |       |     5 ||     5
       Airstrike         |       |       |       |       |       |       |       |       |    41 ||    41
       Freezing Cloud    |       |       |       |       |       |       |       |       |     8 ||     8
       Lee's Rapid Decon |       |       |       |       |       |       |       |       |     7 ||     7
       Apportation       |       |       |       |       |       |       |       |       |     5 ||     5
Invok: Heroism           |       |       |       |     4 |     9 |    14 |     6 |     3 |    25 ||    61
       Finesse           |       |       |       |       |     2 |     6 |     2 |     2 |     9 ||    21
 Abil: Evoke Blink       |       |       |       |       |       |     2 |       |       |       ||     2
       Evoke Invisibilit |       |       |       |       |       |       |       |     2 |     4 ||     6
Evoke: Wand              |       |       |     4 |     3 |     2 |     1 |       |     1 |     5 ||    16
  Use: Scroll            |     2 |     2 |     8 |    10 |    12 |     9 |     6 |    11 |    27 ||    87
       Potion            |       |     1 |     1 |       |     4 |     2 |     1 |     2 |     6 ||    17
 Stab: Sleeping          |       |       |     4 |     8 |    33 |    47 |    44 |     9 |     5 ||   150
       Distracted        |       |       |       |     1 |     4 |     6 |     9 |    18 |    45 ||    83
       Confused          |       |       |       |       |       |     3 |       |       |       ||     3
       Petrified         |       |       |       |       |       |       |       |     5 |     3 ||     8
       Invisible         |       |       |       |       |       |       |       |     2 |     6 ||     8
       Paralysed         |       |       |       |       |       |       |       |       |     1 ||     1
  Eat: Chunk             |       |     5 |    13 |    21 |    32 |    38 |    21 |    30 |    36 ||   196
       Ration            |       |       |       |     2 |     2 |     1 |     3 |     3 |     7 ||    18
Armor: Chain mail        |    78 |   116 |    64 |       |       |       |       |       |       ||   258
       Skin              |       |       |    22 |       |       |       |       |       |       ||    22
       Troll leather arm |       |       |   100 |   150 |   408 |   576 |   246 |       |       ||  1480
       Plate armour      |       |       |       |       |       |       |    25 |   403 |   702 ||  1130
Dodge: Dodged            |    42 |    74 |   232 |   330 |  1126 |  1438 |   717 |   443 |  1320 ||  5722
Block: Shield            |       |       |       |       |   151 |    89 |   454 |  1019 |  2169 ||  3882
       Buckler           |       |       |       |       |       |   774 |   249 |       |       ||  1023
       Rpst.: Long sword |       |       |       |    36 |   206 |       |       |       |       ||   242
       Falchion          |       |       |       |     2 |    13 |       |       |       |       ||    15
       Scimitar          |       |       |       |       |     1 |     9 |       |       |       ||    10

Table legend:
 A = Non-vault XP
 B = Vault XP
 C = Vault XP percentage of total XP
 D = Non-vault monster count
 E = Vault monster count
 F = Vault count percentage of total count
                 A         B        C        D         E       F
            +---------+---------+-------+---------+---------+-------
      Total |  908490 |  779229 |  46.2 |    1789 |     969 |  35.1
            +---------+---------+-------+---------+---------+-------
        D:1 |      52 |       0 |   0.0 |      29 |       0 |   0.0
        D:2 |      50 |      60 |  54.5 |      20 |       4 |  16.7
        D:3 |     209 |     539 |  72.1 |      24 |      12 |  33.3
        D:4 |     236 |     697 |  74.7 |      13 |       1 |   7.1
        D:5 |     329 |     218 |  39.9 |      11 |       2 |  15.4
        D:6 |     302 |     413 |  57.8 |      18 |      12 |  40.0
        D:7 |    1430 |     752 |  34.5 |      16 |       2 |  11.1
        D:8 |    1354 |    1141 |  45.7 |      11 |      14 |  56.0
        D:9 |    2459 |    3670 |  59.9 |      31 |      10 |  24.4
       D:10 |    6000 |    2857 |  32.3 |      42 |      18 |  30.0
       D:11 |    4547 |    2949 |  39.3 |      35 |      54 |  60.7
       D:12 |    3706 |    8570 |  69.8 |      29 |      11 |  27.5
       D:13 |    2858 |    5950 |  67.6 |      11 |      37 |  77.1
       D:14 |   14779 |    6987 |  32.1 |      42 |      25 |  37.3
       D:15 |    8007 |    7664 |  48.9 |      28 |      12 |  30.0
     Lair:1 |    2878 |    1278 |  30.8 |       7 |       3 |  30.0
     Lair:2 |    2094 |       0 |   0.0 |      10 |       0 |   0.0
     Lair:3 |    7981 |       0 |   0.0 |      19 |       0 |   0.0
     Lair:4 |   12931 |    1980 |  13.3 |      26 |       7 |  21.2
     Lair:5 |    6846 |       0 |   0.0 |      24 |       0 |   0.0
     Lair:6 |   18824 |    9583 |  33.7 |      63 |      39 |  38.2
    Swamp:1 |   13426 |       0 |   0.0 |      41 |       0 |   0.0
    Swamp:2 |   12703 |       0 |   0.0 |      41 |       0 |   0.0
    Swamp:3 |   13978 |       0 |   0.0 |      33 |       0 |   0.0
    Swamp:4 |    5590 |    8093 |  59.1 |      11 |      28 |  71.8
   Spider:1 |   11930 |       0 |   0.0 |      35 |       0 |   0.0
   Spider:2 |    6370 |    6188 |  49.3 |      22 |       9 |  29.0
   Spider:3 |    8300 |    5577 |  40.2 |      25 |       1 |   3.8
   Spider:4 |   11588 |   31917 |  73.4 |      34 |      36 |  51.4
    Slime:1 |    9337 |       0 |   0.0 |       5 |       0 |   0.0
    Slime:2 |    6556 |       0 |   0.0 |      15 |       0 |   0.0
    Slime:3 |    6698 |       0 |   0.0 |      11 |       0 |   0.0
    Slime:4 |    2939 |       0 |   0.0 |      11 |       0 |   0.0
    Slime:5 |   13659 |   31026 |  69.4 |      21 |      12 |  36.4
      Orc:1 |     515 |       0 |   0.0 |       8 |       0 |   0.0
      Orc:2 |    1438 |   16167 |  91.8 |      20 |      39 |  66.1
      Elf:1 |   15803 |    7218 |  31.4 |      27 |      11 |  28.9
      Elf:2 |   18497 |   29129 |  61.2 |      30 |      35 |  53.8
      Elf:3 |   10716 |   35863 |  77.0 |      19 |      24 |  55.8
   Vaults:1 |   22270 |   31645 |  58.7 |      39 |      50 |  56.2
   Vaults:2 |   41250 |   16312 |  28.3 |      73 |      27 |  27.0
   Vaults:3 |   40885 |   13522 |  24.9 |      73 |      19 |  20.7
   Vaults:4 |   29093 |   88792 |  75.3 |      43 |      60 |  58.3
   Vaults:5 |   35002 |   87981 |  71.5 |      58 |      62 |  51.7
    Crypt:1 |   27914 |       0 |   0.0 |      38 |       0 |   0.0
    Crypt:2 |   27708 |       0 |   0.0 |      38 |       0 |   0.0
    Crypt:3 |   17391 |   57059 |  76.6 |      25 |      43 |  63.2
   Depths:1 |    9767 |   12009 |  55.1 |       9 |      13 |  59.1
   Depths:2 |    8088 |   89106 |  91.7 |      11 |      69 |  86.2
   Depths:3 |   23049 |   18701 |  44.8 |      27 |      16 |  37.2
   Depths:4 |   52115 |   11684 |  18.3 |      58 |       9 |  13.4
   Depths:5 |   69487 |   26442 |  27.6 |      54 |      16 |  22.9
    Abyss:1 |   22035 |     697 |   3.1 |      30 |       1 |   3.2
    Abyss:2 |   37560 |     277 |   0.7 |      68 |       8 |  10.5
    Abyss:3 |   23944 |       0 |   0.0 |      50 |       0 |   0.0
        Pan |  153017 |   88774 |  36.7 |     177 |      82 |  31.7
      IceCv |       0 |    9742 | 100.0 |       0 |      36 | 100.0
            +---------+---------+-------+---------+---------+-------

Table legend:
 A = Turns spent in this place as a percentage of turns spent in the entire game.
 B = Non-inter-level travel turns spent in this place as a percentage of non-inter-level travel turns spent in the entire game.
 C = Inter-level travel turns spent in this place as a percentage of turns spent in this place.
 D = Turns resting spent in this place as a percentage of non-inter-level travel turns spent in this place.
 E = Turns spent auto-exploring this place as a percentage of non-inter-level travel turns spent in this place.
 F = Non-inter-level travel turns spent in this place divided by the number of levels of this place that you've seen.
                   A       B       C       D       E      F
               +-------+-------+-------+-------+-------+----------------------
         Total | 100.0 | 100.0 |  12.2 |  16.2 |  33.3 | 904.7
       Dungeon |  24.6 |  22.3 |  20.2 |  13.2 |  42.7 | 929.8
        Temple |   0.2 |   0.1 |  44.7 |   0.0 |  94.5 |  73.0
          Lair |  12.1 |  10.8 |  21.6 |  17.7 |  39.4 | 1125.8
         Swamp |   5.0 |   5.3 |   7.3 |   9.6 |  41.1 | 826.2
   Spider Nest |   5.7 |   6.1 |   6.0 |  17.8 |  43.0 | 947.8
    Slime Pits |   2.4 |   2.6 |   2.7 |  42.8 |   0.0 | 328.8
  Orcish Mines |   2.4 |   2.0 |  27.6 |  11.4 |  43.7 | 609.5
   Elven Halls |   6.2 |   6.7 |   5.8 |  17.5 |  33.0 | 1384.3
        Vaults |  13.6 |  13.7 |  11.5 |  11.8 |  23.8 | 1715.8
         Crypt |   5.0 |   5.5 |   4.6 |  16.9 |  32.8 | 1141.7
        Depths |  10.1 |  10.4 |   9.8 |  14.2 |  39.6 | 1297.2
         Abyss |   3.2 |   3.6 |   0.0 |   8.9 |  17.9 | 451.2
   Pandemonium |   8.2 |   9.4 |   0.0 |  27.5 |  17.3 | 650.0
        Bazaar |   0.1 |   0.1 |   0.0 |   0.0 |   0.0 |  93.0
      Ice Cave |   1.2 |   1.4 |   0.0 |  23.9 |  10.3 | 848.0
               +-------+-------+-------+-------+-------+----------------------

Levels and vault maps discovered:
D:1:      psy_arrival_statuary, layout_rooms
D:2:      layout_rooms, old_standard_altar, xom_butterflies,
          nicolae_qazlal_eye_of_the_storm, hangedman_decor_push,
          uniq_crazy_yiuf_cottage
D:3:      layout_rooms, nemelex_diamond_rough_becter, uniq_sigmund,
          uniq_grinder, uniq_natasha, uniq_robin
D:4:      layout_loops_ring, minmay_temple_entry_antechambers, first_ration,
          uniq_pikel
D:5:      layout_basic, nicolae_overflow_hidden_temple,
          kennysheep_generic_room_8, uniq_ijyb, uniq_menkaure
D:6:      layout_loops_cross, nicolae_overflow_crystal_walls, serial_undead,
          serial_undead_e, serial_undead_d, serial_undead_d, serial_undead_e,
          serial_undead_d, uniq_blork_the_orc
D:7:      layout_basic, elyvilon_altar_4, grunt_temple_overflow_open,
          serial_shops, nicolae_shop_statue_plus, okawaru_ov_weapons_minmay,
          uniq_joseph, uniq_prince_ribbit1
D:8:      layout_basic, david_nohive_1
D:9:      minmay_the_grid_four_pointed_star_mashed
          [minmay_the_grid_triangle_9x9_dagger,
          minmay_the_grid_triangle_9x9_wacky_v,
          minmay_the_grid_triangle_9x9_corruption,
          minmay_the_grid_triangle_9x9_skeleton,
          minmay_the_grid_prize_diamond_cup], layout_stronghold,
          nrook_pool_corridor
D:10:     layout_long_grid, minmay_lair_entry_grove,
          minmay_orc_entry_temple_small, basic_altar, uniq_urug
D:11:     wander_kiku_kobolds, layout_rooms, xom_redecorated, uniq_erica,
          uniq_erolcha
D:12:     minmay_roctagon, layout_cave_pools, lemuel_tele_altar, uniq_kirke
D:13:     layout_roguey [special_room_orc], serial_shops, nicolae_shop_trees,
          basic_altar, minmay_st_funbox, uniq_maurice
D:14:     layout_long_grid, grunt_vaults_entry_tiered,
          chequers_serial_rivers_micro_b
D:15:     gammafunk_enter_depths_forms, layout_grid_maze, serial_park_tiny_2,
          nrook_guardian_serpent_ordinary, uniq_rupert
Temple:   dshaligram_water_room_temple
Lair:1:   layout_concentric_octagons, st_stairs_10
Lair:2:   layout_loops_ring, serial_bayou_shore_a
Lair:3:   layout_big_grid
Lair:4:   layout_big_grid, minmay_swamp_entry_worms,
          spider_nest_entry_funnel_web
Lair:5:   layout_regular_city
Lair:6:   cheibrodos_lair_end_hotspot, layout_layer_cave, slime_altar_2,
          nicolae_volcano_entry_batcave
Swamp:1:  layout_basic_swamp, evilmike_swamp_ruin_house_6
Swamp:2:  layout_falls_marsh, evilmike_swamp_ruin_rubble_2
Swamp:3:  layout_basic_swamp, hangedman_swamp_lotus, infiniplex_staircase_pool
Swamp:4:  swamp_icy, layout_basic_swamp
Spider:1: layout_spider_delve
Spider:2: layout_spider_delve, uniq_aizul, uniq_azrael, uniq_agnes
Spider:3: layout_spider_delve, uniq_bai_suzhen
Spider:4: grunt_spider_rune_circles, nicolae_spider_cling_ruins, uniq_mara
Slime:1:  layout_caves
Slime:2:  layout_caves
Slime:3:  layout_caves, basic_altar
Slime:4:  layout_caves
Slime:5
Orc:1:    layout_diamond_mine
Orc:2:    st_orc_open, layout_diamond_mine, portal_ice_cave_demonic_guard
Elf:1:    layout_gridlike, basic_altar, minmay_elf_annihilation,
          grunt_megastairs_2
Elf:2:    layout_geoelf_octagon
Elf:3:    elf_hall, layout_loops_ring, serial_shops, shop
Vaults:1: v_alt_pattern_6, hangedman_vaults_stitches, v_pattern_3,
          nicolae_vaults_c_with_doors, hangedman_vaults_capsules,
          dpeg_vaults_monster_box, v_alt_pattern_3,
          nicolae_vaults_network_square, vaults_mumra_chevron_long,
          layout_vaults_ring
Vaults:2: st_lines, nicolae_vaults_shelves_hall, hangedman_vaults_nails,
          grunt_vaults_bifocal, vaults_standard_mumra_enter_the_diamond,
          hangedman_vaults_stagger, blue_anna_dwarven_crypt,
          vaults_room_ringed_pool, layout_vaults_omnigrid, basic_altar
Vaults:3: v_misc_19, nicolae_vaults_asterisk, v_misc_28,
          grunt_vaults_hallway_long, nicolae_vaults_asterisk, v_pattern_4,
          nicolae_vaults_stairing_the_circle, nicolae_vaults_three_branches,
          ontoclasm_vaults_chip, layout_vaults_big_room, serial_shops,
          bzr_entry_customers, shop, nicolae_shop_waterfront, shop, shop
Vaults:4: nicolae_vaults_hallways_thing, vaults_room_semicircle,
          vaults_room_hangedman_quadrants, vaults_dpeg_ring,
          nicolae_vaults_circle_grid_b, vaults_room_semicircle, v_misc_17,
          nicolae_vaults_little_squares_5,
          nicolae_vaults_windows_and_doors_thing, hangedman_vaults_snaps,
          v_misc_10, nicolae_vaults_mini_display_case, vaults_room_semicircle,
          layout_vaults_omnicross, serial_shops, nicolae_shop_crystal,
          uniq_donald
Vaults:5: serial_shops
Crypt:1:  layout_rooms, serial_sigils, serial_sigils_hangedman_clutch,
          serial_sigils_hangedman_scratch, serial_sigils_hangedman_snap,
          serial_sigils_hangedman_gut, serial_sigils_hangedman_stare,
          serial_sigils_hangedman_scar
Crypt:2:  layout_gridlike
Crypt:3:  lightli_unholy_cathedral, layout_chaotic_city,
          tomb_entry_sphere_bobbens, minivault_23, uniq_sojobo
Depths:1: layout_gridlike, pf_coc_iceberg, abyss_entry, nicolae_wwwww,
          rand_demon_pan_entry_3, nicolae_twisting_strands, nooodl_food_tri,
          minmay_shop_grove, serial_bayou_shore_b
Depths:2: hangedman_crystal_crosses_colossus [crystal_crosses_arms_four,
          crystal_crosses_arms_two, crystal_crosses_arms_one,
          crystal_crosses_arms_one], hell_entry, abyss_entry, pan_entry,
          serial_shops, uniq_saint_roka
Depths:3: evilmike_horseshoe, layout_basic, hell_entry, rand_demon_pan_entry_5,
          serial_curves, eino_curves_04, eino_curves_03,
          abyss_entry_small_statue_room, st_stairs_14, corexii_leaking_fountain,
          argonaut_fire_from_heaven
Depths:4: kennysheep_blocky_room, layout_cross, enter_ziggurat_a,
          nicolae_abyss_entry_one_way_or_another, hell_entry,
          kennysheep_pointless_box, infiniplex_staircase_pillars_3b
Depths:5: evilmike_zot_entry_basic, layout_basic, abyss_entry, hell_entry,
          minmay_misc_feat_ornament, grunt_megastairs_5, uniq_jory
Abyss:1
Abyss:2
Abyss:3:  evilmike_abyss_exit_14
Pan:      grunt_pan_pentagram, layout_grid_shapes, pan_blood_fountain
Bazaar:   bazaar_minmay_generic_island
IceCv:    ice_cave_small_giant
